 Dungeon Crawl Stone Soup version 0.21-a0-618-g6cbd37f (webtiles) character file.

495186 Lavandula the Eclecticist (level 23, -12/178 HPs)
             Began as a Mummy Chaos Knight on Dec 18, 2017.
             Killed from afar by a quicksilver dragon (30 damage)
             ... with a bolt of dispelling energy
             ... on level 5 of the Vaults on Dec 23, 2017.
             The game lasted 07:20:35 (93292 turns).

Lavandula the Eclecticist (Mummy Chaos Knight)     Turns: 93292, Time: 07:20:36

Health: -12/178    AC: 17    Str: 19    XL:     23   Next: 66%
Magic:  17/45      EV: 22    Int: 20    God:    Xom [......]
Gold:   3570       SH:  8    Dex: 15    Spells: 0/59 levels left

rFire    + . .     SeeInvis .   S - staff of energy
rCold    + . .     Gourm    .   e - +3 warlock's mirror {reflect}
rNeg     + + +     Faith    .   a - +1 ring mail of the Armadillo {Regen+ Str+3}
rPois    ∞         Spirit   .   V - +2 helmet of Twilight {rF+ MR+}
rElec    .         Reflect  +   (no cloak)
rCorr    .         Harm     .   n - +2 pair of gloves
MR       ++...                  p - +2 pair of boots "Bayhoask" {rF+}
Stlth    ++........             w - amulet of magic regeneration
HPRegen  0.79/turn              X - +4 ring of evasion
MPRegen  0.54/turn              l - ring of the Mage {Wiz MR++ Int+3}

@: vulnerable, marked, studying Short Blades
A: no food or potions, fire vulnerability, cold resistance 1, negative energy
resistance 3, torment resistance, unbreathing, in touch with death 1
}: 3/15 runes: decaying, slimy, gossamer
a: Renounce Religion


You were on level 5 of the Vaults.
You worshipped Xom.
You were a very special plaything of Xom.
You were not hungry.

You visited 11 branches of the dungeon, and saw 53 of its levels.
You visited the Abyss 2 times.
You also visited: Labyrinth, Bailey, Ice Cave and Volcano.

You collected 6850 gold pieces.
You spent 3280 gold pieces at shops.

Inventory:

Hand Weapons
 d - a +9 dagger of electrocution
Missiles
 h - 3 throwing nets
 I - 26 javelins (quivered)
Armour
 a - the +1 ring mail of the Armadillo (worn) {Regen+ Str+3}
   (You found it on level 3 of the Elven Halls)

   It affects your strength (+3).
   It increases your rate of regeneration.
 e - the +3 warlock's mirror (worn) {reflect}
   (You acquired it on level 14 of the Dungeon)
 n - a +2 pair of gloves (worn)
 p - the +2 pair of boots "Bayhoask" (worn) {rF+}
   (You acquired it on level 1 of the Depths)

   It protects you from fire.
 D - the +3 robe of Clouds {+Fly rElec}
   (You found it on level 5 of the Pits of Slime)

   It insulates you from electricity.
   It lets you fly.
 V - the +2 helmet of Twilight (worn) {rF+ MR+}
   (You bought it in a shop on level 1 of the Vaults)

   It protects you from fire.
   It affects your resistance to hostile enchantments.
Magical Staves
 i - an uncursed staff of air
 R - an uncursed staff of wizardry
 S - an uncursed staff of energy (weapon)
Jewellery
 l - the ring of the Mage (right hand) {Wiz MR++ Int+3}
   (You found it on level 1 of the Vaults)

   [ring of wizardry]

   It improves your spell success rate.
   It affects your intelligence (+3).
   It affects your resistance to hostile enchantments.
 w - an amulet of magic regeneration (around neck)
 F - the ring "Simoyrur" {+Fly rC+}
   (You took it off a vault warden on level 4 of the Vaults)

   [ring of protection from cold]

   It protects you from cold.
   It lets you fly.
 O - the ring "Kyahuo" {+Inv rPois Str+4 Int-4 Slay+3}
   (You found it on level 2 of the Depths)

   [ring of slaying]

   It affects your strength (+4).
   It affects your intelligence (-4).
   It affects your accuracy and damage with ranged weapons and melee attacks
   (+3).
   It protects you from poison.
   It lets you turn invisible.
 Q - the ring of Syepser {rPois rF+ Str+3 Int+2 Dex-2}
   (You found it on level 3 of the Depths)

   [ring of protection from fire]

   It affects your strength (+3).
   It affects your intelligence (+2).
   It affects your dexterity (-2).
   It protects you from fire.
   It protects you from poison.
 X - a +4 ring of evasion (left hand)
Wands
 b - a wand of paralysis (61)
 m - a wand of flame (106)
 u - a wand of digging (20)
 B - a wand of acid (29)
 C - a wand of iceblast (21)
 G - a wand of enslavement (5)
 H - a wand of polymorph (3)
 K - a wand of disintegration (44)
 U - a wand of scattershot (5)
 W - a wand of clouds (4)
Scrolls
 c - 8 scrolls of identify
 g - 18 scrolls of remove curse
 j - a scroll of amnesia
 q - 5 scrolls of immolation
 v - 2 scrolls of magic mapping
 A - 3 scrolls of fog
 L - 4 scrolls of vulnerability
 P - 5 scrolls of silence
Books
 o - a manual of Short Blades
 t - a book of Power

   Spells                             Type                      Level
   a - Iskenderun's Battlesphere      Conjuration/Charms           5
   b - Venom Bolt                     Conjuration/Poison           5
   c - Bolt of Magma                  Conjuration/Fire/Earth       5
   d - Iron Shot                      Conjuration/Earth            6
   e - Orb of Destruction             Conjuration                  7
   f - Spellforged Servitor           Conjuration/Summoning        7
Miscellaneous
 r - a fan of gales
 s - 4 sacks of spiders
 T - a lamp of fire
 Y - a lightning rod (4/4)


   Skills:
 - Level 14.0 Fighting
 - Level 9.9(10.4) Short Blades
   Level 4.9(8.1) Long Blades
 - Level 2.9 Throwing
 - Level 5.9 Armour
 - Level 10.5 Dodging
 - Level 4.4 Stealth
 - Level 5.0 Shields
 + Level 18.9 Spellcasting
 - Level 4.9 Conjurations
 - Level 2.7 Hexes
 - Level 8.7 Charms
 - Level 17.5 Summonings
 - Level 10.0 Necromancy
 - Level 9.4 Translocations
 - Level 12.0 Air Magic
 - Level 4.5 Poison Magic
 - Level 7.0 Evocations


You couldn't memorise any spells.
You knew the following spells:

 Your Spells              Type           Power        Failure   Level  Hunger
a - Blink                 Tloc           N/A          1%          2    N/A
b - Summon Mana Viper     Hex/Summ       ######..     1%          5    N/A
c - Mephitic Cloud        Conj/Pois/Air  #####...     1%          3    N/A
d - Spellforged Servitor  Conj/Summ      ######....   16%         7    N/A
e - Deflect Missiles      Chrm/Air       ######....   4%          6    N/A
f - Malign Gateway        Summ/Tloc      ######....   6%          7    N/A
g - Apportation           Tloc           ######       1%          1    N/A
h - Summon Butterflies    Summ           ######..     0%          1    N/A
i - Spectral Weapon       Hex/Chrm       #####...     1%          3    N/A
j - Summon Lightning Spi  Summ/Air       ######..     1%          4    N/A
k - Summon Hydra          Summ           ######....   1%          7    N/A
l - Animate Skeleton      Necr           N/A          1%          1    N/A
m - Passage of Golubria   Tloc           N/A          1%          4    N/A
n - Shroud of Golubria    Chrm/Tloc      ######....   1%          2    N/A
o - Death Channel         Necr           ######....   4%          6    N/A

Dungeon Overview and Level Annotations

Branches:
Dungeon (15/15)            Temple (0/1) D:5            Lair (6/6) D:11
  Swamp (4/4) Lair:3       Spider (4/4) Lair:2        Slime (5/5) Lair:5
    Orc (2/2) D:10            Elf (3/3) Orc:2        Vaults (5/5) D:14
  Crypt (3/3) Vaults:3       Tomb (0/3) Crypt:3      Depths (5/5) D:15
   Hell (1/1)                 Zot (0/5) Depths:5
    Dis: Hell:1         Geh: Hell:1         Coc: Hell:1         Tar: Hell:1

Altars:
Ashenzari
Elyvilon
Kikubaaqudgha
Makhleb
Nemelex Xobeh
Sif Muna
Trog
Uskayaw
Xom
The Shining One
Beogh

Shops:
D:4 ?   D:12 !   Orc:2 %[:*   Vaults:1 [(

Portals:
Hell: Depths:1 Depths:2 Depths:3 Depths:4 Depths:5
Abyss: Depths:2 Depths:4 Depths:5
Pandemonium: Depths:3 Depths:5
Ziggurat: Depths:5

Annotations:
D:5 Prince Ribbit
Slime:1 exclusion: acid blob
Hell Geryon


Innate Abilities, Weirdness & Mutations

You do not eat or drink.
Your flesh is vulnerable to fire.
You are immune to poison.
Your flesh is cold resistant. (rC+)
You are immune to negative energy. (rN+++)
You are immune to unholy pain and torment.
You can survive without breathing.
You are in touch with the powers of death.


Message History

Your vault warden wields an uncursed great mace of protection.
Your vault warden closely misses the quicksilver dragon.
Unknown command.
Evoke which item? (* to show all) (? for menu, Esc to quit)
Aiming: Enslavement
Press: ? - help, Shift-Dir - straight line, f - quicksilver dragon, p - vault warden
Aim: a quicksilver dragon (heavily wounded, susceptible to hostile enchantments, chance to defeat MR: 24%)
The quicksilver dragon resists with almost no effort.
The quicksilver dragon bites your vault warden!
The quicksilver dragon closely misses your vault warden.
The shadow dragon bites your vault warden but does no damage.
The shadow dragon claws your vault warden.
The shadow dragon claws your vault warden but does no damage.
The quicksilver dragon breathes dispelling energy at you.
The bolt of dispelling energy hits your vault warden.
The vault warden's magical effects unravel!
The bolt of dispelling energy hits you!
Your magical effects are unravelling.
You die...
Xom chuckles heartily!

### #...##..#..#
#C...#..#..#
.9...$#..#..#
#....$)##.#..#
#######%#.#..#
...###.#c.#
..........#
################.^..#
...D...@pD9..D.).*..#
.........D....C.....#
#####################


You could see 2 shadow dragons, a golden dragon, a frost giant, a quicksilver
dragon, a vault warden and a war gargoyle.

Vanquished Creatures
  Xtahua (Depths:5)
  Arachne (Spider:2)
  The ghost of Vojta the Devastator, a veteran TeWz of Vehumet (Vaults:3)
  A tentacled monstrosity (Swamp:4)
  3 acid blobs
  A deep elf blademaster (Elf:3)
  A deep elf master archer (Elf:3)
  A tentacled starspawn (Abyss:3)
  2 sphinxes
  Kirke (Swamp:2)
  A thorn hunter (Swamp:4)
  A revenant (Crypt:3)
  6 azure jellies (Slime:5)
  4 deep elf sorcerers
  2 frost giants (Vaults:3)
  3 vault wardens
  3 ghost moths
  5 emperor scorpions (Spider:4)
  A deep elf elementalist (Elf:3)
  Louise (Swamp:4)
  2 ghouls
  Aizul (Spider:3)
  A balrug (Abyss:3)
  7 ironheart preservers
  4 stone giants
  6 entropy weavers
  2 deep elf annihilators (Elf:3)
  A dire elephant (Lair:2)
  2 vampire knights
  A deep elf demonologist (Elf:1)
  9 deep elf death magi
  The ghost of Feta the Geomancer, a journeyman FoEE of Vehumet (IceCv)
  An ettin (D:13)
  Snorg (Orc:1)
  4 eidola
  A minotaur (Lab)
  A quicksilver dragon zombie (Crypt:1)
  A jiangshi (Depths:2)
  7 death oozes
  A fire dragon (shapeshifter) (Spider:2)
  5 yaktaur captains
  6 great orbs of eyes
  5 deep elf high priests (Elf:3)
  6 vault guards
  An ice dragon (Depths:1)
  An anaconda (Vaults:3)
  5 ghost crabs
  12 hydras
  4 centaur warriors
  7 ogre magi
  7 dancing weapons
  8 alligators
  A deep troll shaman (D:14)
  A death yak (Lair:3)
  3 tengu warriors
  15 two-headed ogres
  A titan zombie (Crypt:2)
  A merfolk avatar (Lair:6)
  A queen ant (Spider:2)
  A thrashing horror (Abyss:3)
  A spriggan berserker (Swamp:4)
  3 orc high priests
  Urug (D:10)
  4 skeletal warriors
  Nergalle (Lair:2)
  2 hell knights
  A sun demon (Volcano)
  A fire crab (Spider:4)
  2 soul eaters (Crypt:3)
  A wretched star (Abyss:3)
  A titan skeleton (Crypt:3)
  13 deep elf knights
  A sea snake (Lair:5)
  2 anaconda zombies
  A death drake (shapeshifter) (Depths:4)
  A storm dragon skeleton (Crypt:3)
  A spriggan druid (Swamp:3)
  2 flayed ghosts
  5 glowing orange brains
  A ghost moth zombie (Crypt:3)
  A shambling mangrove (Swamp:2)
  A shadow dragon zombie (Crypt:2)
  A deep troll (shapeshifter) (D:14)
  7 deep trolls
  10 swamp dragons
  5 unseen horrors
  6 ironbrand convokers
  2 wizards
  6 phantasmal warriors
  Pikel (D:5)
  14 deep elf archers
  5 necromancers
  A wolf spider zombie (D:14)
  3 harpies
  26 ugly things
  14 orb spiders
  A frost giant zombie (Crypt:3)
  10 orc sorcerers
  6 orc knights
  3 moths of wrath
  2 fire giant zombies
  3 manticores
  24 wolf spiders
  4 cyclopes
  43 deep elf magi
  A worldbinder (Abyss:3)
  15 elephants
  A fire giant skeleton (Crypt:2)
  The ghost of SpeedyPerson7 the Cleaver, a novice MiBe of Trog (D:6)
  The ghost of Squigly the Conjurer, a novice DECj of Vehumet (D:5)
  2 ice statues (IceCv)
  5 vault sentinels
  3 black mambas
  A torpor snail (Spider:4)
  2 smoke demons (Abyss:3)
  A gargoyle (D:14)
  A water nymph (Vaults:2)
  18 spiny frogs
  7 rime drakes
  A shock serpent skeleton (Crypt:3)
  19 yaktaurs
  A kobold demonologist (D:14)
  6 komodo dragons
  A yaktaur skeleton (Vaults:1)
  4 ice devils (IceCv)
  3 freezing wraiths
  A tormentor (Abyss:3)
  A queen bee (shapeshifter) (Vaults:3)
  11 demonic crawlers
  38 jumping spiders
  3 tengu conjurers
  7 hellwings (Crypt:3)
  A troll (shapeshifter) (Depths:3)
  A red devil (Volcano)
  10 tyrant leeches
  A queen bee (D:11)
  A polar bear (Lair:6)
  2 trolls
  10 hornets
  3 meliai
  A wind drake (Depths:4)
  6 blink frogs
  4 hippogriffs
  9 dream sheep
  13 bog bodies
  2 meliai zombies
  23 slime creatures
  A raiju (Abyss:3)
  A fire giant simulacrum (Vaults:2)
  A frost giant simulacrum (Vaults:2)
  A vampire (D:15)
  An air elemental (Elf:2)
  A wraith (D:11)
  75 redbacks
  A spriggan (D:12)
  3 starcursed masses (Abyss:3)
  28 tarantellas
  4 wyverns
  3 shadows
  8 small abominations
  42 yaks
  2 water elementals (Elf:2)
  A black mamba skeleton (Crypt:3)
  4 basilisks
  2 fire elementals (Depths:4)
  2 golden eyes (Slime:1)
  A chaos spawn (Abyss:3)
  A steam dragon (shapeshifter) (Depths:4)
  4 hungry ghosts
  A basilisk (shapeshifter) (Vaults:2)
  Menkaure (D:7)
  A naga (Lair:3)
  2 acid dragons
  A two-headed ogre zombie (Crypt:2)
  13 wargs
  17 insubstantial wisps
  19 vampire mosquitoes
  15 soldier ants
  13 swamp worms
  2 spiny frog zombies (Crypt:2)
  2 hell hounds (Volcano)
  6 porcupines
  4 large abominations (Abyss:3)
  15 water moccasins
  3 floating eyes
  41 orc warriors
  5 sky beasts
  3 phantoms
  A hornet zombie (D:10)
  13 swamp drakes
  An ice beast (shapeshifter) (Vaults:2)
  A black bear (Lair:2)
  A fire dragon simulacrum (Crypt:2)
  An ice beast (D:11)
  2 sky beasts (shapeshifter)
  7 necrophages
  18 ogres
  2 eyes of draining
  15 wolves
  8 boggarts
  10 centaurs
  An orc skeleton (Vaults:1)
  A manticore skeleton (Crypt:1)
  14 crocodiles
  2 big kobolds
  21 bullfrogs
  2 earth elementals
  A fire crab zombie (Crypt:2)
  A gnoll sergeant (D:12)
  4 wyvern skeletons (Crypt:3)
  5 scorpions
  16 killer bees
  8 wights
  2 howler monkeys
  An electric eel (Spider:4)
  3 bullfrog zombies
  12 crimson imps
  A quasit (Abyss:3)
  2 draconian simulacra (IceCv)
  4 hounds
  3 centaur skeletons
  5 centaur zombies
  2 bullfrog skeletons
  23 orc priests
  47 orc wizards
  An iron imp (Depths:1)
  3 jellies
  Ijyb (D:3)
  6 iguanas
  A troll simulacrum (IceCv)
  30 worker ants
  4 centaur simulacra
  A tengu skeleton (Crypt:3)
  A hound skeleton (D:7)
  A worker ant zombie (D:8)
  10 gnolls
  2 naga simulacra (IceCv)
  7 adders
  An ogre simulacrum (IceCv)
  7 shadow imps
  13 white imps
  2 oozes
  An adder zombie (D:10)
  5 worms
  A dart slug (D:2)
  7 leopard geckos
  121 orcs
  11 bats
  9 giant cockroaches
  5 goblins
  4 hobgoblins
  3 jackals (D:6)
  18 kobolds
  5 quokkas
  A ball python (D:2)
  3 frilled lizards
  A giant cockroach zombie (Crypt:1)
  A jackal skeleton (Crypt:1)
  11 rats
  A river rat skeleton (Crypt:2)
  2 spectral weapons
  A withered plant (Crypt:3)
1585 creatures vanquished.

Vanquished Creatures (collateral kills)
  the Royal Jelly (Slime:5)
  3 ancient liches
  Sojobo (Depths:4)
  2 juggernauts
  Boris (twice) (Vaults:3 Depths:3)
  Margery (Depths:2)
  A shard shrike (Depths:3)
  Bai Suzhen (Depths:1)
  2 golden dragons (Depths:5)
  Jory (Depths:5)
  Nikola (Vaults:3)
  2 tentacled monstrosities
  3 titans
  Jorgrun (Vaults:1)
  An iron dragon (shapeshifter) (Depths:2)
  2 deep elf master archers (Elf:3)
  A deep elf blademaster (Elf:3)
  22 acid blobs
  Frances (Swamp:2)
  An eldritch tentacle (Slime:2)
  A sphinx (Vaults:4)
  Agnes (D:15)
  2 ancient champions (Crypt:2)
  A tentacled starspawn (Abyss:3)
  2 thorn hunters (Swamp:4)
  7 tengu reavers
  3 storm dragons
  The ghost of suvakkihuora the Severer, an adept HOFi of Makhleb (Elf:3)
  The ghost of Amnesiac the Alchemist, an adept OpTm of Okawaru (Elf:1)
  6 azure jellies
  7 fire giants
  A revenant (Vaults:3)
  5 deep elf sorcerers
  6 frost giants
  3 ghost moths
  5 vault wardens
  A draconian shifter (Depths:5)
  7 ghouls (Crypt:2)
  An emperor scorpion (Spider:4)
  3 reapers (Crypt:3)
  A draconian stormcaller (Depths:5)
  4 curse skulls
  A deep elf elementalist (Elf:3)
  6 ironheart preservers
  An entropy weaver (Vaults:3)
  11 very ugly things
  4 war gargoyles (Depths:4)
  2 purple draconians (Depths:5)
  2 vampire knights
  13 stone giants
  3 deep elf demonologists
  A white draconian (Depths:5)
  A lorocyproca (Depths:5)
  3 deep elf annihilators
  7 eidola (Crypt:3)
  2 spark wasps (Depths:3)
  A red draconian (Depths:5)
  A yellow draconian (Depths:5)
  15 crystal guardians (Depths:4)
  6 ettins
  An ettin (shapeshifter) (Depths:4)
  6 deep elf death magi
  A blizzard demon (Depths:4)
  A minotaur (shapeshifter) (Depths:4)
  A mummy priest (Crypt:3)
  6 fire dragons
  A merfolk impaler (Depths:5)
  10 death oozes
  7 jiangshi
  4 hydras
  13 vault guards
  7 ice dragons
  A yaktaur captain (Vaults:4)
  5 rakshasas
  11 great orbs of eyes
  A hell beast (Depths:3)
  2 anacondas (shapeshifter) (Depths:4)
  A catoblepas (shapeshifter) (Depths:4)
  2 spriggan air magi
  16 ogre magi
  2 alligators
  4 centaur warriors
  4 death knights
  5 deep troll shamans
  27 dancing weapons
  A satyr (shapeshifter) (Slime:2)
  19 two-headed ogres
  3 tengu warriors
  A death yak (Lair:3)
  A thrashing horror (Abyss:3)
  9 deep troll earth magi
  An orc high priest (Orc:2)
  8 deep elf knights
  6 spriggan berserkers
  4 vampire magi
  7 hell knights
  6 soul eaters
  2 storm dragon zombies (Crypt:3)
  2 sun demons
  A shadow wraith (Crypt:2)
  A titan skeleton (Crypt:2)
  2 iron trolls
  3 glowing orange brains
  10 skeletal warriors
  A spriggan druid (Swamp:4)
  18 deep trolls
  A deep troll (shapeshifter) (Depths:4)
  4 large abominations
  A swamp dragon (Swamp:4)
  A flayed ghost (Depths:3)
  2 shadow dragon zombies
  7 wizards
  7 deep elf archers
  7 ironbrand convokers
  A wolf spider zombie (Crypt:2)
  4 obsidian statues (Depths:4)
  6 orb spiders
  A harpy (shapeshifter) (Depths:3)
  4 golden dragon skeletons
  14 phantasmal warriors
  15 necromancers
  5 orc knights
  2 harpies (Vaults:4)
  A stone giant zombie (Crypt:2)
  24 ugly things
  4 wolf spiders
  A manticore (Lair:6)
  4 orc sorcerers
  3 oklob plants (Lair:5)
  An iron dragon zombie (Crypt:2)
  19 deep elf magi
  A glowing shapeshifter (Depths:2)
  5 shining eyes
  A fire giant zombie (Crypt:3)
  A stone giant skeleton (Crypt:2)
  A worldbinder (Abyss:3)
  A salamander (Depths:5)
  3 dire elephant zombies (Crypt:3)
  A rust devil (Depths:5)
  3 vault sentinels (Vaults:4)
  A fire giant skeleton (Crypt:3)
  An elephant (Lair:6)
  A molten gargoyle (Depths:4)
  A spiny frog (shapeshifter) (Depths:4)
  5 eyes of devastation
  A smoke demon (Depths:3)
  A gargoyle (Depths:4)
  5 demonic crawlers
  A dire elephant skeleton (Crypt:1)
  A centaur skeleton (D:15)
  An efreet (Abyss:4)
  13 yaktaurs
  3 ice devils
  8 freezing wraiths
  2 kobold demonologists (D:15)
  A harpy zombie (Crypt:3)
  7 hellwings
  A troll (D:10)
  A guardian mummy (Crypt:3)
  2 tengu conjurers
  A merfolk (shapeshifter) (Depths:4)
  4 jumping spiders
  A merfolk (Depths:5)
  A red devil (Depths:3)
  A jumping spider (shapeshifter) (Depths:4)
  A polar bear (shapeshifter) (Depths:2)
  A meliai (Spider:3)
  4 wind drakes (Depths:4)
  8 hornets
  A hornet (shapeshifter) (Depths:4)
  2 tyrant leeches
  A slime creature (shapeshifter) (Depths:5)
  2 hydra skeletons
  4 raiju (Abyss:4)
  11 bog bodies
  119 slime creatures
  A fire dragon zombie (Crypt:3)
  2 stone giant simulacra (Crypt:2)
  A hippogriff (Lair:2)
  8 redbacks
  A spriggan skeleton (Depths:1)
  An ice dragon skeleton (Depths:1)
  A meliai zombie (Crypt:2)
  A black mamba zombie (Crypt:3)
  A shadow (Crypt:2)
  11 air elementals
  A yak (Lair:2)
  4 spriggans
  6 water elementals
  A wyvern (D:15)
  A hog (shapeshifter) (Depths:4)
  2 tarantellas (Spider:4)
  3 wraiths
  An ushabti (Crypt:3)
  19 golden eyes
  A neqoxec (Abyss:3)
  5 fire elementals
  7 vampire mosquitoes
  A black mamba skeleton (Abyss:3)
  A catoblepas simulacrum (Crypt:2)
  3 chaos spawn
  3 soldier ants (Spider:2)
  2 swamp worms
  A swamp worm (shapeshifter) (Depths:4)
  9 insubstantial wisps
  A warg (D:15)
  A spatial vortex (Crypt:3)
  3 floating eyes
  A small abomination (Abyss:3)
  A porcupine (shapeshifter) (Depths:4)
  A meliai simulacrum (D:15)
  10 orc warriors
  5 swamp drakes (Swamp:4)
  A blink frog zombie (Crypt:1)
  4 eyes of draining
  2 snapping turtle zombies (Crypt:3)
  19 ogres
  A boggart (Vaults:3)
  A wolf (Lair:2)
  An ogre (shapeshifter) (Depths:4)
  A boggart (shapeshifter) (Depths:5)
  5 centaurs
  4 necrophages
  A snapping turtle skeleton (Crypt:2)
  2 swamp dragon skeletons (Crypt:3)
  A big kobold (D:15)
  A human zombie (Vaults:1)
  An elf skeleton (Crypt:1)
  11 earth elementals
  2 wyvern skeletons (Crypt:3)
  A spriggan zombie (Crypt:3)
  6 wights
  4 killer bees (D:7)
  A hound (D:13)
  8 jellies
  A centaur zombie (Crypt:2)
  3 orc priests (Orc:2)
  2 orc wizards
  An iron imp (Abyss:3)
  A demonspawn skeleton (Crypt:2)
  An iguana (Lair:2)
  A worker ant (Spider:2)
  A howler monkey skeleton (Crypt:2)
  A naga simulacrum (IceCv)
  11 orcs
  A hobgoblin (D:2)
  4 kobolds (D:15)
  A frilled lizard skeleton (Crypt:2)
  A goblin skeleton (Crypt:1)
  A kobold skeleton (Crypt:3)
  2 crawling corpses (Crypt:3)
  2 withered plants (Crypt:3)
1054 creatures vanquished.

Vanquished Creatures (others)
  A caustic shrike (shapeshifter) (Slime:2)
  A deep elf master archer (Elf:3)
  179 eldritch tentacles
  A tengu reaver (Depths:4)
  2 war gargoyles (Vaults:5)
  A very ugly thing (Depths:4)
  A death ooze (Crypt:2)
  An ettin (Vaults:5)
  A yaktaur captain (Vaults:1)
  A hydra (Swamp:4)
  4 dancing weapons
  A deep troll earth mage (Depths:2)
  A deep elf knight (Elf:2)
  2 deep elf archers
  An orc knight (D:15)
  An ugly thing (Depths:4)
  61 ball lightnings
  A vault sentinel (Vaults:5)
  An ice statue (IceCv)
  2 molten gargoyles (Depths:4)
  A spiny frog (Lair:5)
  Psyche (D:8)
  2 yaktaurs
  A komodo dragon (Lair:5)
  2 jumping spiders
  A wind drake (Depths:4)
  A slime creature (Slime:5)
  5 dream sheep (Lair:5)
  An air elemental (Elf:2)
  2 redbacks
  A tarantella (Spider:2)
  2 humans (Swamp:3)
  A vampire mosquito (Swamp:3)
  A chaos spawn (Abyss:3)
  2 water moccasins (Lair:6)
  2 orc warriors (Bailey)
  An ice beast (D:8)
  A killer bee (D:7)
  3 slaves (D:5)
  An ogre (Vaults:2)
  A crocodile (Lair:6)
  An earth elemental (Depths:4)
  A quasit (Abyss:3)
  A shadow imp (D:5)
  A white imp (Abyss:3)
  A leopard gecko (D:5)
  2 orcs (Orc:1)
  A jackal zombie (D:5)
  7 briar patches (Swamp:4)
  A fire vortex (Depths:2)
  7 fungi
  6 plants
  27 spectral weapons
  13 starspawn tentacles (Abyss:3)
  25 withered plants
391 creatures vanquished.

Grand Total: 3030 creatures vanquished

Notes
Turn   | Place    | Note
-------+----------+-------------------------------------------
     0 | D:1      | Lavandula the Mummy Chaos Knight began the quest for the Orb.
     0 | D:1      | Reached XP level 1. HP: 18/18 MP: 1/1
   152 | D:1      | Reached XP level 2. HP: 24/24 MP: 2/2
   779 | D:1      | XOM: harmless Necr miscast
   930 | D:2      | Found a faded altar of an unknown god.
   990 | D:2      | Reached XP level 3. HP: 26/29 MP: 3/3
  1009 | D:2      | XOM: divination: detect items
  1188 | D:2      | XOM is BORED!
  1566 | D:2      | Reached XP level 4. HP: 27/35 MP: 4/4
  1573 | D:2      | XOM: butterfly on damage
  1578 | D:2      | XOM: summons friendly crimson imp
  1731 | D:1      | XOM: god gift: scroll labeled MAYCZA ZAPLOZ {god gift}
  2207 | D:2      | XOM: noise
  2413 | D:3      | XOM: 4-stop teleportation journey
  2547 | D:3      | You fall through a shaft for 3 floors!
  2550 | D:6      | XOM: noise
  2561 | D:5      | Entered Level 5 of the Dungeon
  2570 | D:5      | Reached XP level 5. HP: 30/41 MP: 5/5
  2578 | D:5      | XOM: confuse monster(s)
  2580 | D:5      | Noticed Prince Ribbit
  2589 | D:5      | XOM: harmless Ice miscast
  2594 | D:5      | XOM: enchant monster (bad)
  2607 | D:5      | XOM: butterfly on damage
  2703 | D:5      | XOM: confuse monster(s)
  2706 | D:5      | Reached skill level 1 in Short Blades
  2800 | D:5      | Noticed a centaur
  2826 | D:5      | Noticed a phantom
  2829 | D:5      | HP: 1/41 [phantom (7)]
  3140 | D:5      | XOM: confusion (+ monsters)
  3161 | D:5      | XOM: noise
  3163 | D:5      | Killed a phantom
  3163 | D:5      | Reached XP level 6. HP: 33/47 MP: 6/6
  3177 | D:5      | XOM: harmless Chrm miscast
  3206 | D:5      | Found a staircase to the Ecumenical Temple.
  3206 | D:5      | Noticed Pikel
  3206 | D:5      | Noticed a slave
  3206 | D:5      | Noticed a slave
  3206 | D:5      | Noticed a slave
  3206 | D:5      | Noticed a slave
  3216 | D:5      | XOM: potion effect (heal wounds)
  3223 | D:5      | XOM: cleaving
  3225 | D:5      | Killed a slave
  3225 | D:5      | XOM: divine lightning
  3239 | D:5      | Killed Pikel
  3239 | D:5      | Reached skill level 5 in Short Blades
  3239 | D:5      | Reached XP level 7. HP: 27/52 MP: 7/7
  3601 | D:5      | Found a deep blue altar of Sif Muna.
  3601 | D:5      | XOM: 2-stop teleportation journey
  3602 | D:5      | Noticed Squigly's ghost (novice DECj)
  3612 | D:6      | XOM: fake destruction
  4294 | D:5      | XOM: summons friendly shadow imp
  4298 | D:5      | Reached XP level 8. HP: 38/58 MP: 8/8
  4317 | D:5      | XOM: cleaving
  4340 | D:4      | Found a hide-covered altar of Uskayaw.
  4698 | D:3      | XOM: scenery: 1 doors open
  4871 | D:3      | Noticed Ijyb
  4879 | D:3      | Killed Ijyb
  5406 | D:4      | XOM: scenery: 1 doors open
  5413 | D:4      | XOM: cloud trail
  5426 | D:4      | XOM: harmless Erth miscast
  5653 | D:3      | XOM: repel stairs
  5840 | D:4      | Found Ucsi's Magic Scroll Shoppe.
  5848 | D:4      | Bought a scroll of enchant weapon for 97 gold pieces
  5848 | D:4      | Bought a scroll of teleportation for 39 gold pieces
  6222 | D:4      | XOM: summons 4 hostile demons
  6404 | D:4      | XOM: noise
  6483 | D:4      | XOM: god gift: 56 gold pieces
  6663 | D:6      | Noticed SpeedyPerson7's ghost (novice MiBe)
  6738 | D:6      | XOM: harmless Conj miscast
  6897 | D:6      | XOM: harmless Fire miscast
  6902 | D:5      | XOM: harmless Conj miscast
  6969 | D:6      | XOM: potion effect (invisibility)
  6977 | D:6      | XOM: confuse monster(s)
  6978 | D:6      | XOM: cast spell 'Call Canine Familiar'
  6987 | D:6      | Killed SpeedyPerson7's ghost
  6987 | D:6      | Reached XP level 9. HP: 30/63 MP: 9/9
  7081 | D:6      | XOM: enchant monster (bad)
  7175 | D:5      | XOM: medium Conj miscast
  7192 | D:5      | XOM: harmless Erth miscast
  7683 | D:6      | XOM: harmless Fire miscast
  8126 | D:7      | Noticed Menkaure
  8130 | D:7      | XOM: potion effect (curing)
  8131 | D:7      | XOM: confuse monster(s)
  8134 | D:7      | Killed Menkaure
  8156 | D:7      | XOM: potion effect (haste)
  8314 | D:7      | XOM: summons 4 friendly demons
  8389 | D:7      | Reached skill level 1 in Dodging
  8427 | D:7      | Learned a level 2 spell: Blink
  8430 | D:7      | Learned a level 2 spell: Call Imp
  8434 | D:7      | Learned a level 3 spell: Mephitic Cloud
  8629 | D:7      | XOM: enchant monster (good)
  8638 | D:7      | XOM: polymorph killer bee -> crocodile
  8640 | D:7      | XOM: enchant monster (good)
  8725 | D:7      | Found a sparkling altar of Nemelex Xobeh.
  8961 | D:8      | Reached XP level 10. HP: 73/73 MP: 10/10
  8971 | D:8      | XOM: fog
  9018 | D:8      | XOM: harmless Ice miscast
  9045 | D:8      | Noticed a two-headed ogre
  9051 | D:7      | XOM: harmless Fire miscast
  9145 | D:8      | Noticed Psyche
  9382 | D:7      | XOM: mild Ice miscast
  9401 | D:8      | Found a glowing golden altar of the Shining One.
  9452 | D:8      | Reached skill level 5 in Armour
  9482 | D:8      | XOM: smoke on damage
  9498 | D:7      | XOM: god gift: 6 steel tomahawks
  9694 | D:8      | XOM: polymorph wyvern -> worm
  9766 | D:8      | Noticed a two-headed ogre
  9780 | D:8      | Killed a two-headed ogre
  9953 | D:8      | Your ally died
  9965 | D:8      | Reached skill level 1 in Evocations
  9977 | D:8      | XOM: summons 5 hostile demons
  9978 | D:8      | Noticed a rust devil
  9978 | D:8      | Noticed a rust devil
  9987 | D:8      | XOM: mild Tloc miscast
 10335 | D:8      | Found a white marble altar of Elyvilon.
 10395 | D:8      | Found a burning altar of Makhleb.
 10395 | D:8      | Noticed a balrug
 10482 | D:8      | Killed a two-headed ogre
 10603 | D:8      | XOM: stat loss: -1 Dex (14/15)
 10614 | D:8      | Noticed a two-headed ogre
 10621 | D:8      | a two-headed ogre changed into a floating eye
 10621 | D:8      | XOM: polymorph two-headed ogre -> floating eye
 10625 | D:8      | XOM: harmless Air miscast
 10626 | D:8      | Paralysed by a floating eye for 3 turns
 10630 | D:8      | Reached skill level 5 in Fighting
 10631 | D:8      | XOM: divine lightning
 10721 | D:8      | XOM: 4-stop teleportation journey
 10955 | D:8      | XOM: cloud trail
 11002 | D:9      | XOM: cast spell 'Summon Ice Beast'
 11119 | D:9      | XOM: divination: detect creatures
 11165 | D:9      | Noticed a two-headed ogre
 11178 | D:9      | Killed a two-headed ogre
 11246 | D:9      | Found a flagged portal.
 11255 | Bailey   | Entered a bailey
 11392 | Bailey   | XOM: blink monster(s)
 11414 | Bailey   | XOM: enchant monster (bad)
 11600 | Bailey   | XOM: summons friendly iron imp
 11624 | Bailey   | XOM: smoke on damage
 11675 | Bailey   | XOM: 1-stop teleportation journey
 11759 | Bailey   | XOM: 1-stop teleportation journey
 11890 | Bailey   | XOM: smoke on damage
 12045 | Bailey   | Noticed an orc knight
 12045 | Bailey   | Noticed an orc knight
 12049 | Bailey   | Noticed an orc knight
 12138 | D:9      | Noticed a two-headed ogre
 12152 | D:9      | XOM: enchant monster (good)
 12334 | D:8      | XOM: harmless Erth miscast
 12373 | D:9      | XOM: silly message
 12664 | D:9      | Reached XP level 11. HP: 82/84 MP: 13/13
 12817 | D:9      | XOM: divination: detect creatures
 12824 | D:9      | Killed a two-headed ogre
 12824 | D:9      | Reached skill level 1 in Conjurations
 12824 | D:9      | Reached skill level 1 in Air Magic
 12824 | D:9      | Reached skill level 1 in Poison Magic
 13007 | D:9      | XOM: confusion
 13112 | D:10     | Entered Level 10 of the Dungeon
 13147 | D:10     | XOM: silly message
 13311 | D:10     | XOM: blink monster(s)
 13319 | D:10     | XOM: enchant monster (bad)
 13647 | D:10     | XOM: enchant monster (good)
 13707 | D:10     | Found a staircase to the Orcish Mines.
 13722 | D:10     | Learned a level 3 spell: Conjure Flame
 13747 | D:10     | Found a sparkling altar of Nemelex Xobeh.
 14066 | D:11     | Found a staircase to the Lair.
 14077 | D:11     | Noticed a two-headed ogre
 14103 | D:11     | Killed a two-headed ogre
 14291 | D:11     | XOM: harmless Tmut miscast
 14296 | D:11     | XOM: blink monster(s)
 14485 | D:11     | XOM: silly message
 14528 | D:11     | XOM: summons 5 hostile demons
 14621 | D:11     | XOM: swap monsters
 14632 | D:11     | Reached skill level 1 in Spellcasting
 14632 | D:11     | XOM: mild Necr miscast
 14662 | D:11     | XOM: scenery: create altars
 14673 | D:11     | XOM: enchant monster (bad)
 14683 | D:11     | Reached skill level 2 in Spellcasting
 14789 | D:11     | XOM: medium Air miscast
 14973 | D:11     | Noticed a brown ugly thing
 14974 | D:11     | XOM: scenery: create altars
 14988 | D:11     | XOM: polymorph yak -> queen bee
 15003 | D:11     | Killed a brown ugly thing
 15018 | D:11     | XOM: god gift: 19 gold pieces
 15023 | D:11     | XOM: potion effect (might)
 15026 | D:11     | Reached skill level 3 in Spellcasting
 15033 | D:11     | XOM: summons friendly white imp
 15038 | D:11     | XOM: harmless Pois miscast
 15042 | D:11     | XOM: polymorph white imp -> shadow imp
 15144 | D:11     | XOM: polymorph shadow imp -> white imp
 15423 | D:11     | XOM: harmless Erth miscast
 15450 | D:12     | XOM: summons 4 hostile shadow creatures
 15478 | D:11     | XOM: mild Tmut miscast
 15587 | D:12     | Found a frozen archway.
 15630 | D:12     | Noticed a swamp dragon
 15630 | D:12     | a hippogriff changed into a swamp dragon
 15630 | D:12     | XOM: polymorph hippogriff -> swamp dragon
 15632 | D:12     | XOM: summons 2 friendly demons
 15633 | D:12     | XOM: polymorph iron imp -> crimson imp
 15644 | D:12     | Killed a swamp dragon
 15644 | D:12     | Reached skill level 4 in Spellcasting
 15644 | D:12     | Reached XP level 12. HP: 42/91 MP: 16/18
 15660 | D:12     | Noticed a four-headed hydra
 15677 | D:12     | Killed a four-headed hydra
 15769 | IceCv    | Entered an ice cave
 16092 | IceCv    | Reached skill level 1 in Translocations
 16247 | IceCv    | XOM: enchant monster (bad)
 16424 | IceCv    | Noticed Feta's ghost (journeyman FoEE)
 16481 | IceCv    | XOM: cleaving
 16796 | IceCv    | Learned a level 3 spell: Stone Arrow
 17096 | IceCv    | XOM: enchant monster (bad)
 17289 | IceCv    | XOM: noise
 17306 | IceCv    | XOM: summons friendly white imp
 17327 | IceCv    | Killed Feta's ghost
 17477 | IceCv    | XOM: medium Pois miscast
 17662 | IceCv    | XOM: polymorph ice beast -> scorpion
 18325 | IceCv    | XOM: summons 5 friendly demons
 18459 | IceCv    | XOM: divination: detect items
 18632 | IceCv    | XOM: divination: detect items
 18672 | IceCv    | XOM: divine lightning
 18675 | IceCv    | XOM: divination: detect creatures
 18678 | IceCv    | XOM: harmless Air miscast
 18682 | IceCv    | XOM: harmless Pois miscast
 18701 | IceCv    | XOM: mild Pois miscast
 18849 | IceCv    | Got a warped war axe {flame}
 18850 | IceCv    | Identified the cursed +0 war axe "Uhitiag" {flame, rElec Str+5 Dex-2} (You took it off a necromancer in an ice cave)
 18956 | IceCv    | XOM: medium Fire miscast
 19318 | D:12     | XOM: harmless Chrm miscast
 19371 | D:12     | XOM: god gift: scale mail {god gift}
 19446 | D:12     | XOM: confuse monster(s)
 19724 | D:12     | Noticed a two-headed ogre
 19745 | D:12     | Killed a two-headed ogre
 19745 | D:12     | Reached skill level 5 in Dodging
 19783 | D:11     | XOM: god gift: ration
 20418 | D:12     | Found Oqathut's Distillery.
 20439 | D:12     | XOM: harmless Pois miscast
 20476 | D:12     | XOM: butterfly on damage
 20483 | D:12     | XOM: polymorph butterfly -> quokka
 20510 | D:12     | Noticed a two-headed ogre
 20524 | D:12     | Killed a two-headed ogre
 20729 | D:12     | XOM: swap monsters
 20775 | D:11     | HP: 3/91 [demonic crawler (5)]
 20775 | D:11     | HP: 1/91 [demonic crawler (2)]
 21013 | D:10     | XOM: scenery: 1 doors open
 21194 | D:12     | XOM: summons 3 friendly demons
 21201 | D:12     | XOM: potion effect (invisibility)
 21322 | D:13     | Noticed an ettin
 21323 | D:13     | XOM: divination: magic mapping
 21329 | D:13     | XOM: divination: detect items
 21333 | D:13     | XOM: divination: magic mapping
 21345 | D:13     | Killed an ettin
 21361 | D:12     | XOM: cast spell 'Chain of Chaos'
 21363 | D:12     | XOM: summons friendly white imp
 21379 | D:12     | XOM: 2-stop teleportation journey
 21490 | Lair:1   | Entered Level 1 of the Lair of Beasts
 21501 | Lair:1   | Learned a level 3 spell: Call Canine Familiar
 21522 | Lair:1   | XOM: enchant monster (good)
 21528 | Lair:1   | Reached skill level 1 in Summonings
 21546 | Lair:1   | XOM: confuse monster(s)
 21654 | Lair:1   | XOM: scenery: create altars
 21717 | Lair:1   | XOM: 3-stop teleportation journey
 21862 | Lair:1   | Learned a level 2 spell: Shroud of Golubria
 21875 | Lair:1   | XOM: enchant monster (good)
 22515 | Lair:1   | Reached skill level 5 in Spellcasting
 22561 | Lair:1   | Learned a level 1 spell: Infusion
 22563 | Lair:2   | XOM: summons 12 friendly demons
 22566 | Lair:1   | XOM: scenery: 2 doors open
 22576 | Lair:1   | XOM: summons friendly white imp
 22580 | Lair:1   | XOM: mild Conj miscast
 22607 | Lair:2   | Noticed Nergalle
 22617 | Lair:2   | XOM: summons 5 friendly demons
 22619 | Lair:2   | XOM: enchant monster (good)
 22645 | Lair:2   | Killed Nergalle
 22645 | Lair:2   | Reached skill level 6 in Spellcasting
 22645 | Lair:2   | Gained mutation: You are in touch with the powers of death. [Mummy growth]
 22645 | Lair:2   | Reached XP level 13. HP: 94/96 MP: 20/22
 22719 | Lair:2   | Reached skill level 1 in Charms
 22776 | Lair:2   | XOM: cast spell 'Summon Dragon'
 22812 | Lair:2   | Found a dark tunnel.
 22831 | Volcano  | Entered a volcano
 22999 | Volcano  | XOM: swap monsters
 23386 | Volcano  | Learned a level 3 spell: Spectral Weapon
 23639 | Lair:2   | XOM: god gift: 19 gold pieces
 23652 | Lair:2   | XOM: god gift: 25 arrows
 23768 | Lair:2   | XOM: cast spell 'Call Canine Familiar'
 23906 | Lair:2   | Found a hole to the Spider Nest.
 23914 | Lair:2   | XOM: summons 3 hostile demons
 24120 | Lair:2   | XOM: harmless Erth miscast
 24144 | Lair:2   | Noticed a dire elephant
 24144 | Lair:2   | a catoblepas changed into a dire elephant
 24144 | Lair:2   | XOM: polymorph catoblepas -> dire elephant
 24146 | Lair:2   | XOM: noise
 24147 | Lair:2   | XOM: chaos cloud
 24193 | Lair:2   | XOM: mild Air miscast
 24220 | Lair:2   | Killed a dire elephant
 24434 | Lair:2   | Found a bloodstained altar of Trog.
 24561 | Lair:2   | Upgraded the game from 0.21-a0-578-gc6e9d75 to 0.21-a0-582-g1b93aee
 24570 | Lair:2   | XOM: summons 4 hostile demons
 24779 | Lair:2   | XOM: mild Summ miscast
 24871 | Lair:2   | Reached skill level 1 in Hexes
 25078 | Lair:3   | XOM: polymorph blink frog -> naga
 25096 | Lair:3   | XOM: fog
 25152 | Lair:2   | XOM: god gift: 7 rations
 25216 | Lair:2   | XOM: harmless Necr miscast
 25224 | Lair:2   | XOM: divination: detect creatures
 25375 | Lair:3   | XOM: 2-stop teleportation journey
 25385 | Lair:3   | XOM: potion effect (invisibility)
 25393 | Lair:3   | XOM: medium Erth miscast
 25435 | Lair:3   | Found a staircase to the Swamp.
 25857 | Lair:3   | XOM: summons friendly quasit
 25860 | Lair:3   | XOM: destruction
 25867 | Lair:3   | XOM: enchant monster (good)
 25882 | Lair:3   | XOM: noise
 25893 | Lair:3   | XOM: polymorph death yak -> something unseen
 26372 | Lair:4   | XOM: summons 5 hostile demons
 26938 | Lair:4   | Found the +7 lajatang of Order {silver, rMut}
 27310 | Lair:5   | XOM: fake destruction
 27318 | Lair:5   | XOM: swap monsters
 27349 | Lair:5   | XOM: divination: magic mapping
 27357 | Lair:5   | XOM: medium Fire miscast
 27424 | Lair:4   | XOM: harmless Chrm miscast
 27575 | Lair:4   | XOM: 1-stop teleportation journey
 27661 | Lair:5   | XOM: divine lightning
 27665 | Lair:5   | XOM: cleaving
 27669 | Lair:5   | Reached skill level 1 in Stealth
 27669 | Lair:5   | XOM: divination: detect items
 27842 | Lair:5   | XOM: divination: detect items
 28042 | Lair:5   | XOM: summons 2 friendly demons
 28062 | Lair:5   | XOM: enchant monster (good)
 28080 | Lair:5   | XOM: confusion
 28104 | Lair:4   | Upgraded the game from 0.21-a0-582-g1b93aee to 0.21-a0-584-g185da8e
 28220 | Lair:4   | Reached XP level 14. HP: 98/108 MP: 16/23
 28326 | Lair:5   | XOM: divine lightning
 28354 | Lair:5   | XOM: divination: detect creatures
 28495 | Lair:5   | XOM: god gift: scroll of amnesia
 28628 | Lair:5   | Found a staircase to the Slime Pits.
 28753 | Lair:5   | XOM: god gift: mace {god gift}
 28920 | Lair:5   | Found a shimmering altar of Xom.
 28935 | Lair:6   | Entered Level 6 of the Lair of Beasts
 28955 | Lair:5   | XOM: mild Conj miscast
 28967 | Lair:6   | XOM: enchant monster (bad)
 29012 | Lair:6   | XOM: stat loss: -1 Dex (14/15)
 29326 | Lair:6   | XOM: enchant monster (bad)
 29364 | Lair:6   | Reached skill level 10 in Fighting
 29367 | Lair:6   | XOM: noise
 29399 | Lair:6   | XOM: harmless Chrm miscast
 29857 | Lair:6   | XOM: noise
 29903 | Lair:5   | XOM: noise
 30169 | Lair:6   | XOM: cast spell 'Summon Horrible Things'
 30232 | Lair:6   | XOM: god gift: book of Geomancy
 30311 | Lair:6   | XOM: divination: detect creatures
 30950 | Lair:6   | Got a shimmering falchion
 30952 | Lair:6   | Identified the cursed +1 falchion of the Endless Expanse {slice, *Contam rC+ MR+ Dex+7} (You found it on level 6 of the Lair of Beasts)
 30977 | Lair:6   | XOM: mild Conj miscast
 31045 | Lair:4   | XOM: god gift: ration
 31140 | Orc:1    | Entered Level 1 of the Orcish Mines
 31140 | Orc:1    | Found a roughly hewn altar of Beogh.
 31140 | Orc:1    | Noticed Urug
 31141 | Orc:1    | XOM: destruction
 31143 | D:10     | XOM: confuse monster(s)
 31147 | D:10     | Killed Urug
 31271 | D:10     | Reached skill level 7 in Spellcasting
 31433 | Lair:1   | Learned a level 4 spell: Summon Lightning Spire
 31472 | Orc:1    | XOM: destruction
 31495 | Orc:1    | XOM: fake destruction
 31703 | Orc:1    | XOM: noise
 31804 | Orc:1    | Noticed Snorg
 31818 | Orc:1    | Killed Snorg
 31818 | Orc:1    | Reached skill level 8 in Spellcasting
 32105 | Orc:2    | Entered Level 2 of the Orcish Mines
 32174 | Orc:2    | XOM: divination: detect creatures
 32187 | Orc:2    | XOM: cast spell 'Summon Ice Beast'
 32317 | Orc:2    | XOM: summons 12 friendly demons
 32336 | Orc:2    | Reached skill level 9 in Spellcasting
 32407 | Orc:2    | Found a labyrinth entrance.
 32416 | Lab      | Entered a labyrinth
 32518 | Lab      | Learned a level 4 spell: Olgreb's Toxic Radiance
 32547 | Orc:2    | XOM: god gift: tubular glass ring {god gift}
 32671 | Orc:2    | XOM: summons 3 friendly demons
 32697 | Orc:2    | Reached skill level 1 in Shields
 32736 | Orc:2    | Found a roughly hewn altar of Beogh.
 32748 | Orc:2    | XOM: harmless Fire miscast
 32855 | Orc:2    | XOM: polymorph orc wizard -> boggart
 32976 | Orc:1    | XOM: summons 3 hostile demons
 32990 | Orc:2    | XOM: noise
 33103 | Orc:2    | Found a roughly hewn altar of Beogh.
 33112 | Orc:2    | Paralysed by an orc sorcerer for 4 turns
 33124 | Orc:2    | XOM: potion effect (might)
 33127 | Orc:2    | XOM: cast spell 'Summon Small Mammal'
 33144 | Orc:2    | Found Itozosh's Book Shop.
 33144 | Orc:2    | Found Ruid's Assorted Antiques.
 33151 | Orc:2    | XOM: cloud trail
 33188 | Orc:2    | Found Bodo's Food Shop.
 33188 | Orc:2    | Found Tiptakh's Armour Shoppe.
 33229 | Orc:2    | Bought a +0 hat of magic resistance for 121 gold pieces
 33294 | Orc:2    | XOM: divination: detect creatures
 33313 | Orc:2    | Found a staircase to the Elven Halls.
 33740 | Orc:2    | Bought a scroll of enchant weapon for 225 gold pieces
 33750 | Orc:2    | Bought a book of Necromancy for 510 gold pieces
 33752 | Orc:2    | Learned a level 1 spell: Animate Skeleton
 33906 | D:12     | XOM: potion effect (agility)
 34091 | D:12     | XOM: cast spell 'Alistair's Intoxication'
 34161 | D:12     | XOM: potion effect (agility)
 34168 | D:12     | XOM: god gift: 15 arrows
 34181 | D:12     | Identified the Guide on the Birds and Envenoming
 34277 | D:12     | Paralysed by a floating eye for 2 turns
 34310 | D:12     | Reached XP level 15. HP: 119/119 MP: 28/28
 34567 | D:12     | XOM: scenery: create altars
 34617 | D:13     | Reached skill level 5 in Shields
 34724 | D:13     | XOM: confuse monster(s)
 34776 | D:13     | XOM: fog
 34809 | D:13     | Reached skill level 10 in Spellcasting
 34906 | D:13     | XOM: 1-stop teleportation journey
 35204 | D:13     | XOM: potion effect (heal wounds)
 35205 | D:13     | XOM: cast spell 'Death Channel'
 35421 | D:13     | XOM: god gift: long sword {god gift}
 35591 | D:14     | XOM: noise
 35614 | D:14     | XOM: medium Chrm miscast
 35623 | D:14     | XOM: god gift: viscous yellow potion {god gift}
 35654 | D:14     | XOM: cast spell 'Summon Small Mammal'
 35657 | D:14     | XOM: mild Ice miscast
 35667 | D:14     | XOM: blink monster(s)
 35680 | D:14     | Reached skill level 5 in Air Magic
 35691 | D:14     | Reached skill level 5 in Charms
 35792 | D:14     | XOM: enchant monster (bad)
 35948 | D:14     | XOM: medium Necr miscast
 35955 | D:14     | XOM: chaos upgrade
 36047 | D:14     | XOM: potion effect (haste)
 36164 | D:14     | XOM: cast spell 'Shadow Creatures'
 36206 | D:14     | XOM: summons 2 hostile shadow creatures
 36207 | D:14     | XOM: 2-stop teleportation journey
 36281 | D:14     | XOM: harmless Pois miscast
 36370 | D:14     | XOM: god gift: runed scale mail {god gift}
 36453 | D:14     | Got a crude chain mail
 36455 | D:14     | Identified the +1 chain mail of Least Resistance {*Slow Str+4 Int+4 Dex+3} (You found it on level 14 of the Dungeon)
 36497 | D:14     | Identified a scroll of acquirement
 36499 | D:14     | Found the +3 warlock's mirror {reflect}
 36561 | D:14     | XOM: 4-stop teleportation journey
 36652 | D:14     | XOM: polymorph hippogriff -> elephant
 36686 | D:14     | XOM: enchant monster (bad)
 36988 | D:14     | Identified the +2 leather armour of Quona {MR+} (You took it off a skeletal warrior on level 14 of the Dungeon)
 37071 | D:14     | XOM: summons 2 friendly demons
 37104 | D:14     | XOM: divination: detect items
 37117 | D:14     | XOM: chaos upgrade
 37150 | D:14     | XOM: cleaving
 37153 | D:14     | XOM: cast spell 'Ring of Flames'
 37158 | D:14     | XOM: potion effect (curing)
 37198 | D:14     | Found a gate to the Vaults.
 37246 | D:15     | Entered Level 15 of the Dungeon
 37365 | D:15     | XOM: summons friendly shadow imp
 37452 | Lair:1   | Learned a level 6 spell: Deflect Missiles
 37821 | Swamp:1  | Entered Level 1 of the Swamp
 37833 | Swamp:1  | XOM: cast spell 'Leda's Liquefaction'
 37903 | Swamp:1  | XOM: silly message
 37915 | Swamp:1  | XOM: confuse monster(s)
 37968 | Lair:3   | XOM: fog
 38019 | Swamp:1  | XOM: scenery: create altars
 38078 | Swamp:1  | XOM: potion effect (agility)
 38449 | Swamp:1  | XOM: summons friendly shadow imp
 38619 | Swamp:1  | XOM: god gift: wand of digging (15)
 38834 | Swamp:2  | XOM: summons 2 friendly demons
 38835 | Swamp:2  | XOM: scenery: create altars
 38837 | Swamp:2  | XOM: cleaving
 39480 | Swamp:2  | XOM: cast spell 'Death Channel'
 39523 | Swamp:2  | Noticed Frances
 39537 | Swamp:2  | Killed Frances
 39542 | Swamp:2  | XOM: scenery: create altars
 39556 | Swamp:2  | Reached XP level 16. HP: 121/125 MP: 27/30
 39558 | Swamp:2  | XOM: butterfly on damage
 39813 | Swamp:2  | XOM: scenery: create altars
 39844 | Swamp:2  | XOM: god gift: thin jewelled staff {god gift}
 39981 | Swamp:2  | XOM: cloud trail
 40114 | Swamp:3  | Noticed Mara
 40124 | Swamp:3  | XOM: enchant monster (good)
 40140 | Swamp:3  | XOM: cast spell 'Summon Butterflies'
 40210 | Swamp:3  | Noticed Kirke
 40223 | Swamp:2  | Killed Kirke
 40357 | Swamp:3  | Reached skill level 11 in Spellcasting
 40398 | Swamp:3  | XOM: divination: magic mapping
 40405 | Swamp:3  | XOM: divination: magic mapping
 40424 | Swamp:3  | Noticed Lavandula's illusion
 40493 | Swamp:2  | XOM: summons 1 hostile shadow creature
 40597 | Swamp:3  | XOM: smoke on damage
 40617 | Swamp:3  | XOM: enchant monster (good)
 40723 | Swamp:3  | XOM: confusion (+ monsters)
 40774 | Swamp:3  | Reached skill level 12 in Spellcasting
 41131 | Swamp:3  | XOM: mild Ice miscast
 41534 | Lair:1   | Learned a level 4 spell: Passage of Golubria
 41617 | Spider:1 | Entered Level 1 of the Spider Nest
 41671 | Spider:1 | XOM: confusion (+ monsters)
 41848 | Spider:1 | XOM: smoke on damage
 41974 | Spider:1 | XOM: enchant monster (bad)
 41990 | Spider:1 | XOM: scenery: create altars
 42053 | Spider:1 | XOM: 1-stop teleportation journey
 42116 | Spider:1 | XOM: severe Erth miscast
 42141 | Spider:1 | You fall through a shaft!
 42141 | Spider:2 | Noticed Arachne
 42148 | Spider:2 | Reached skill level 5 in Translocations
 42156 | Spider:2 | XOM: fog
 42177 | Spider:3 | XOM: confusion
 42352 | Spider:3 | XOM: harmless Fire miscast
 42369 | Spider:3 | XOM: chaos cloud
 42370 | Spider:3 | XOM: summons 5 friendly demons
 42564 | Spider:3 | XOM: god gift: runed lajatang {god gift}
 42575 | Spider:3 | XOM: stat loss: -1 Int (13/14)
 42693 | Spider:3 | XOM: smoke on damage
 42960 | Spider:2 | XOM: summons friendly quasit
 42967 | Spider:3 | XOM: confusion (+ monsters)
 42972 | Spider:3 | XOM: polymorph soldier ant -> acid dragon
 43166 | Spider:3 | XOM: severe Erth miscast
 43210 | Spider:3 | XOM: scenery: create altars
 43318 | Spider:3 | XOM: god gift: 19 gold pieces
 43435 | Spider:3 | XOM: 1-stop teleportation journey
 43462 | Spider:3 | XOM: summons 12 friendly demons
 43502 | Spider:3 | XOM: polymorph quasit -> crimson imp
 43513 | Spider:3 | XOM: 1-stop teleportation journey
 43515 | Spider:3 | XOM: confuse monster(s)
 43628 | Spider:3 | XOM: smoke on damage
 43631 | Spider:3 | Reached skill level 5 in Summonings
 43973 | Spider:2 | Noticed Aizul
 43974 | Spider:2 | XOM: destruction
 43981 | Spider:3 | XOM: enchant monster (bad)
 43992 | Spider:3 | XOM: summons 3 hostile demons
 43994 | Spider:3 | XOM: blink monster(s)
 43998 | Spider:3 | Killed Aizul
 44083 | Spider:3 | XOM: severe Fire miscast
 44176 | Spider:3 | XOM: cleaving
 44352 | Spider:3 | XOM: 9-stop teleportation journey
 44366 | Spider:3 | XOM: 1-stop teleportation journey
 44506 | Spider:2 | XOM: enchant monster (bad)
 44616 | Spider:2 | XOM: 1-stop teleportation journey
 44661 | Spider:1 | XOM: noise
 44843 | Orc:2    | Bought a +0 helmet of see invisible for 126 gold pieces
 44887 | Orc:2    | XOM: divination: magic mapping
 45055 | D:5      | Killed Squigly's ghost
 45099 | D:4      | Bought 2 scrolls of teleportation for 78 gold pieces
 45419 | Spider:1 | XOM: swap monsters
 45545 | Spider:1 | XOM: enchant monster (good)
 45551 | Spider:1 | XOM: polymorph hornet -> meliai
 45555 | Spider:1 | XOM: potion effect (heal wounds)
 45667 | Spider:1 | XOM: polymorph orb spider -> harpy
 45843 | Spider:2 | XOM: cast spell 'Monstrous Menagerie'
 45896 | Spider:2 | XOM: confuse monster(s)
 45963 | Spider:2 | XOM: cast spell 'Summon Mana Viper'
 45977 | Spider:2 | Reached XP level 17. HP: 68/131 MP: 28/33
 46265 | Spider:2 | XOM: polymorph entropy weaver -> fire dragon
 46330 | Spider:2 | XOM: cleaving
 46387 | Spider:2 | XOM: potion effect (invisibility)
 46398 | Spider:2 | XOM: confuse monster(s)
 46406 | Spider:2 | XOM: fog
 46415 | Spider:2 | Killed Arachne
 46596 | Spider:2 | XOM: harmless Tmut miscast
 47270 | Spider:3 | XOM: smoke on damage
 47273 | Spider:3 | XOM: divination: detect items
 47571 | Spider:3 | XOM: scenery: create altars
 47578 | Spider:4 | Entered Level 4 of the Spider Nest
 47580 | Spider:4 | XOM: polymorph orb spider -> fire crab
 47674 | Spider:4 | XOM: mild Tmut miscast
 47823 | Spider:4 | XOM: summons friendly iron imp
 47836 | Spider:4 | XOM: enchant monster (bad)
 47837 | Spider:4 | XOM: harmless Ice miscast
 47840 | Spider:4 | XOM: stat loss: -1 Dex (14/15)
 47851 | Spider:4 | XOM: confusion
 47862 | Spider:4 | XOM: fog
 48018 | Spider:3 | XOM: summons 1 hostile demon
 48231 | Spider:4 | XOM: mild Pois miscast
 48311 | Spider:4 | XOM: harmless Air miscast
 48333 | Spider:3 | XOM: mild Pois miscast
 48390 | Spider:4 | Reached skill level 10 in Summonings
 48398 | Spider:4 | XOM: confusion
 48776 | Orc:2    | Bought a book of Summonings for 1190 gold pieces
 48858 | Lair:1   | Learned a level 5 spell: Summon Mana Viper
 49178 | Spider:4 | XOM: summons 4 friendly demons
 49225 | Spider:4 | XOM: mild Summ miscast
 49228 | Spider:4 | XOM: mild Ice miscast
 49639 | Spider:4 | XOM: potion effect (haste)
 49931 | Spider:4 | Got a gossamer rune of Zot
 50071 | Spider:4 | XOM: harmless Air miscast
 50403 | Elf:1    | Entered Level 1 of the Elven Halls
 50529 | Elf:1    | XOM: enchant monster (bad)
 50572 | Elf:1    | Noticed Amnesiac's ghost (adept OpTm)
 50595 | Elf:1    | Killed Amnesiac's ghost
 50628 | Elf:1    | Identified the Compendium of the Blessed Realm
 51179 | Elf:1    | XOM: potion effect (haste)
 51222 | Elf:1    | XOM: harmless Erth miscast
 51270 | Elf:1    | XOM: mild Conj miscast
 51478 | Elf:2    | XOM: harmless Air miscast
 51557 | Elf:2    | XOM: scenery: 1 doors open
 51574 | Elf:2    | XOM: polymorph mana viper -> salamander
 51582 | Elf:2    | XOM: potion effect (brilliance)
 51601 | Elf:2    | XOM: destruction
 51735 | Elf:2    | XOM: scenery: create altars
 51805 | Elf:2    | XOM: 1-stop teleportation journey
 51907 | Elf:2    | XOM: scenery: create altars
 51977 | Elf:2    | Found a huge runed gate.
 51977 | Elf:2    | Found a huge runed gate.
 51977 | Elf:2    | Found a huge runed gate.
 51977 | Elf:2    | Found a huge runed gate.
 51977 | Elf:2    | Found a huge runed gate.
 51982 | Elf:2    | XOM: potion effect (invisibility)
 51983 | Elf:2    | XOM: harmless Tmut miscast
 52137 | Elf:2    | Reached XP level 18. HP: 137/138 MP: 26/34
 52276 | Elf:2    | XOM: confuse monster(s)
 52551 | Elf:2    | XOM: 5-stop teleportation journey
 52602 | Elf:2    | XOM: blink monster(s)
 52993 | Elf:2    | XOM: scenery: create altars
 53041 | Elf:2    | XOM: 1-stop teleportation journey
 53205 | Elf:2    | XOM: cleaving
 53344 | Elf:2    | XOM: mild Fire miscast
 53654 | Elf:2    | XOM: scenery: create altars
 54482 | Elf:3    | Entered Level 3 of the Elven Halls
 54485 | Elf:3    | Noticed suvakkihuora's ghost (adept HOFi)
 54797 | Elf:3    | XOM: 1-stop teleportation journey
 54815 | Elf:3    | XOM: enchant monster (good)
 54991 | Elf:3    | XOM: 1-stop teleportation journey
 55191 | Elf:3    | XOM: summons friendly white imp
 55192 | Elf:3    | XOM: summons friendly iron imp
 55194 | Elf:3    | XOM: scenery: 3 doors close
 55334 | Elf:3    | XOM: confusion (+ monsters)
 55388 | Elf:3    | Killed suvakkihuora's ghost
 55398 | Elf:3    | XOM: summons 6 hostile demons
 55993 | Elf:2    | XOM: divination: detect creatures
 56068 | Elf:3    | XOM: destruction
 56095 | Elf:3    | XOM: noise
 56099 | Elf:3    | XOM: 2-stop teleportation journey
 56165 | Elf:3    | XOM: destruction
 56197 | Elf:3    | XOM: god gift: wand of scattershot (5)
 56289 | Elf:3    | Identified the +7 rapier of Imminent Death {drain, Int+4} (You took it off a deep elf high priest on level 3 of the Elven Halls)
 56290 | Elf:3    | Identified the +3 leather armour of the Nine Curses {Int+6} (You took it off a deep elf high priest on level 3 of the Elven Halls)
 56309 | Elf:3    | XOM: cast spell 'Summon Ice Beast'
 56319 | Elf:3    | XOM: cast spell 'Shadow Creatures'
 56529 | Elf:3    | XOM: fog
 56661 | Elf:3    | XOM: god gift: 4 rations
 56673 | Elf:3    | XOM: scenery: 1 doors open, 4 doors close
 56706 | Elf:3    | XOM: divine lightning
 56764 | Elf:3    | XOM: scenery: 1 doors close
 56777 | Elf:3    | Cast into level 3 of the Abyss (a deep elf sorcerer)
 56800 | Abyss:3  | Found a corrupted altar of Lugonu.
 56982 | Abyss:3  | XOM: summons 6 friendly demons
 57096 | Abyss:3  | XOM: enchant monster (good)
 57188 | Abyss:3  | XOM: destruction
 57196 | Abyss:3  | XOM: enchant monster (good)
 57313 | Abyss:3  | Noticed a bone dragon
 57338 | Abyss:3  | XOM: fog
 57357 | Abyss:3  | XOM: fake destruction
 57392 | Abyss:3  | XOM: divination: detect items
 57393 | Abyss:3  | Reached skill level 15 in Summonings
 57394 | Abyss:3  | Found a corrupted altar of Lugonu.
 57430 | Abyss:3  | Found an opulent altar of Gozag.
 57454 | Elf:3    | Escaped the Abyss
 57469 | Elf:3    | XOM: fog
 57474 | Elf:3    | XOM: summons 11 friendly demons
 57476 | Elf:3    | XOM: chaos upgrade
 57478 | Elf:3    | XOM: cleaving
 57537 | Elf:3    | XOM: scenery: 1 doors open
 57673 | Elf:3    | XOM: severe Chrm miscast
 57780 | Elf:3    | XOM: harmless Conj miscast
 57803 | Elf:3    | Reached XP level 19. HP: 137/144 MP: 28/35
 57813 | Elf:3    | XOM: summons 7 friendly demons
 57944 | Elf:3    | XOM: cast spell 'Chain of Chaos'
 58071 | Elf:3    | Found the +4 dagger "Morg" {pain, MR+ Int+5}
 58098 | Elf:3    | XOM: harmless Conj miscast
 58108 | Elf:3    | Identified the +1 ring mail of the Armadillo {Regen+ Str+3} (You found it on level 3 of the Elven Halls)
 58165 | Elf:3    | Learned a level 1 spell: Summon Butterflies
 58269 | Elf:3    | Identified the +6 scimitar of Precise Incision {speed, Fragile +Blink rF++ SInv} (You found it on level 3 of the Elven Halls)
 58298 | Elf:3    | XOM: cloud trail
 58445 | Orc:2    | Bought 3 scrolls of immolation for 315 gold pieces
 58620 | Swamp:1  | XOM: mild Tloc miscast
 58670 | Swamp:4  | Entered Level 4 of the Swamp
 58710 | Swamp:4  | XOM: confusion (+ monsters)
 58795 | Swamp:4  | XOM: potion effect (agility)
 58810 | Swamp:4  | XOM: 2-stop teleportation journey
 58997 | Swamp:4  | XOM: confuse monster(s)
 59006 | Swamp:4  | Noticed Louise
 59031 | Swamp:4  | Killed Louise
 59295 | Swamp:4  | XOM: harmless Necr miscast
 59464 | Swamp:4  | XOM: stat loss: -1 Dex (14/15)
 59574 | Swamp:4  | XOM: noise
 59609 | Swamp:4  | XOM: summons 2 friendly demons
 59902 | Swamp:4  | Got a decaying rune of Zot
 60515 | Lair:3   | XOM: divination: detect items
 60768 | Vaults:1 | Entered Level 1 of the Vaults
 60799 | Vaults:1 | Found the ring of the Mage {Wiz MR++ Int+3}
 60846 | Vaults:1 | XOM: divination: detect creatures
 60850 | Vaults:1 | XOM: potion effect (brilliance)
 60927 | Vaults:1 | XOM: potion effect (magic)
 60976 | Vaults:1 | XOM: potion effect (brilliance)
 60990 | Vaults:1 | XOM: polymorph mana viper -> eye of devastation
 61006 | Vaults:1 | XOM: summons 5 friendly demons
 61008 | Vaults:1 | XOM: divination: detect creatures
 61111 | Vaults:1 | XOM: summons 9 hostile demons
 61914 | Vaults:1 | XOM: mild Tloc miscast
 62016 | Vaults:1 | XOM: medium Air miscast
 62071 | Vaults:1 | XOM: stat loss: -1 Str (18/19)
 62223 | Vaults:1 | XOM: swap monsters
 62474 | Vaults:1 | XOM: blink monster(s)
 62538 | Vaults:1 | XOM: summons 8 hostile demons
 62548 | D:14     | XOM: stat loss: -1 Dex (14/15)
 62729 | Vaults:1 | XOM: confusion
 62791 | D:14     | XOM: stat loss: -1 Int (17/18)
 62860 | Vaults:1 | XOM: confusion
 62870 | Vaults:1 | XOM: chaos upgrade
 63116 | Vaults:1 | Found Paothyja's Weapon Emporium.
 63350 | Vaults:1 | Noticed Jorgrun
 63357 | Vaults:1 | Killed Jorgrun
 63392 | Vaults:1 | XOM: severe Hex miscast
 63457 | Vaults:1 | XOM: mild Conj miscast
 63683 | Vaults:1 | Found Killiug's Armour Boutique.
 63686 | Vaults:1 | Bought the +2 helmet of Twilight {rF+ MR+} for 579 gold pieces
 63762 | Vaults:2 | XOM: noise
 63862 | Vaults:2 | XOM: chaos upgrade
 63869 | Vaults:2 | XOM: smoke on damage
 63942 | Vaults:2 | XOM: polymorph wizard -> water nymph
 64118 | Vaults:2 | XOM: harmless Summ miscast
 64191 | Vaults:2 | XOM: medium Chrm miscast
 64205 | Vaults:2 | XOM: medium Conj miscast
 64424 | Vaults:2 | XOM: polymorph yaktaur -> dream sheep
 64519 | Vaults:2 | XOM: swap monsters
 64927 | Vaults:2 | XOM: 1-stop teleportation journey
 65025 | Vaults:2 | XOM: summons friendly white imp
 65040 | Vaults:2 | XOM: god gift: wand of clouds (5)
 65046 | Vaults:2 | Reached XP level 20. HP: 120/151 MP: 6/36
 65165 | Vaults:2 | XOM: potion effect (magic)
 65709 | Vaults:3 | XOM: scenery: 1 doors open, 1 doors close
 65717 | Vaults:3 | Noticed Vojta's ghost (veteran TeWz)
 65806 | Vaults:3 | XOM: confuse monster(s)
 65817 | Vaults:3 | Reached skill level 10 in Dodging
 65880 | Vaults:3 | XOM: god gift: box of beasts
 65974 | Vaults:3 | XOM: cleaving
 66006 | Vaults:3 | Killed Vojta's ghost
 66377 | Vaults:3 | XOM: 1-stop teleportation journey
 66626 | Vaults:3 | XOM: summons friendly quasit
 66628 | Vaults:3 | XOM: god gift: scroll of random uselessness
 66778 | Vaults:3 | Reached skill level 13 in Spellcasting
 66806 | Vaults:3 | XOM: harmless Erth miscast
 67235 | Vaults:3 | XOM: harmless Necr miscast
 67327 | Vaults:3 | XOM: confusion
 67524 | Vaults:3 | Found a staircase to the Crypt.
 67541 | Vaults:3 | XOM: cleaving
 67547 | Vaults:3 | Noticed Nikola
 67688 | D:13     | XOM: summons 2 hostile shadow creatures
 67846 | Elf:2    | XOM: harmless Erth miscast
 67995 | Elf:3    | XOM: summons 10 hostile demons
 68197 | Lair:1   | Learned a level 7 spell: Malign Gateway
 68203 | Lair:1   | Learned a level 4 spell: Control Undead
 68420 | Vaults:3 | XOM: mild Fire miscast
 68430 | Vaults:3 | Reached skill level 14 in Spellcasting
 68435 | Vaults:3 | XOM: 4-stop teleportation journey
 68750 | Vaults:3 | XOM: harmless Necr miscast
 68816 | Vaults:3 | Killed Nikola
 68960 | Vaults:3 | XOM: mild Air miscast
 68999 | Vaults:3 | XOM: polymorph death knight -> anaconda
 69148 | Vaults:3 | XOM: stat loss: -1 Int (16/19)
 69171 | Vaults:3 | Noticed Boris
 69202 | Vaults:3 | XOM: harmless Erth miscast
 69281 | Vaults:3 | Killed Boris
 69556 | Vaults:4 | XOM: summons 5 hostile demons
 69670 | Vaults:4 | XOM: cast spell 'Death Channel'
 69703 | Vaults:4 | Identified Xom's Volume of the Turtledove (Xom gifted it to you on level 4 of the Vaults)
 69703 | Vaults:4 | XOM: god gift: Xom's Volume of the Turtledove
 69974 | Vaults:4 | Reached skill level 15 in Spellcasting
 70125 | Vaults:4 | XOM: god gift: 11 bolts
 70725 | Vaults:4 | XOM: potion effect (agility)
 70915 | Vaults:4 | Identified the ring "Simoyrur" {+Fly rC+} (You took it off a vault warden on level 4 of the Vaults)
 70934 | Vaults:4 | XOM: harmless Tmut miscast
 70949 | Vaults:4 | Reached skill level 16 in Spellcasting
 70978 | Vaults:4 | XOM: silly message
 71260 | Crypt:1  | Entered Level 1 of the Crypt
 71413 | Crypt:1  | XOM: summons 1 hostile demon
 71448 | Crypt:1  | XOM: scenery: 3 doors close
 71460 | Crypt:1  | XOM: summons 2 friendly demons
 71525 | Crypt:1  | XOM: scenery: 6 doors open
 71773 | Crypt:1  | XOM: summons friendly crimson imp
 71784 | Crypt:1  | XOM: polymorph crimson imp -> quasit
 71854 | Crypt:1  | XOM: mild Pois miscast
 71858 | Crypt:1  | XOM: potion effect (might)
 72335 | Crypt:1  | Upgraded the game from 0.21-a0-584-g185da8e to 0.21-a0-618-g6cbd37f
 72488 | Crypt:1  | XOM: god gift: scroll of enchant armour
 72495 | Crypt:2  | XOM: scenery: 1 doors open
 72514 | Crypt:1  | XOM: summons 11 friendly demons
 72777 | Crypt:2  | Reached skill level 17 in Spellcasting
 72866 | Crypt:2  | Reached XP level 21. HP: 119/156 MP: 25/42
 73034 | Crypt:1  | XOM: divination: detect items
 73552 | D:10     | XOM: god gift: 18 arrows
 73582 | D:12     | XOM: harmless Pois miscast
 74174 | Crypt:2  | XOM: summons 3 hostile demons
 74586 | Crypt:2  | XOM: scenery: 2 doors close
 74630 | Crypt:3  | Entered Level 3 of the Crypt
 75020 | Crypt:3  | XOM: confuse monster(s)
 75213 | Crypt:3  | XOM: scenery: create altars
 75309 | Crypt:3  | XOM: enchant monster (good)
 75403 | Crypt:3  | XOM: noise
 75501 | Crypt:3  | XOM: noise
 75725 | Crypt:3  | XOM: mild Fire miscast
 75747 | Crypt:3  | XOM: harmless Fire miscast
 75891 | Crypt:3  | Reached skill level 10 in Air Magic
 75949 | Crypt:3  | Found an ancient bone altar of Kikubaaqudgha.
 76090 | Crypt:3  | XOM: summons 2 hostile demons
 76092 | Crypt:3  | XOM: mild Pois miscast
 76203 | Crypt:3  | Noticed an ancient lich
 76203 | Crypt:3  | XOM: summons 6 friendly demons
 76204 | Crypt:3  | Noticed an ancient lich
 76205 | Crypt:3  | XOM: enchant monster (good)
 76208 | Crypt:3  | XOM: cleaving
 76213 | Crypt:3  | Killed an ancient lich
 76371 | Crypt:3  | XOM: cast spell 'Summon Hydra'
 76379 | Crypt:3  | Killed an ancient lich
 76743 | Crypt:3  | Got a faintly glowing iron ring
 76744 | Crypt:3  | Identified the ring "Desoint" {rCorr Str+4 Dex+2} (You took it off a mummy priest on level 3 of the Crypt)
 76751 | Crypt:3  | Found a staircase to the Tomb.
 77086 | Crypt:3  | XOM: enchant monster (bad)
 77096 | Crypt:3  | Got a glittering zirconium amulet
 77496 | Lair:1   | Learned a level 6 spell: Conjure Ball Lightning
 77497 | Lair:1   | Identified the amulet "Isom" {Gourm Fragile rC+++ Int-2 Slay+6} (You took it off a necromancer on level 3 of the Crypt)
 77588 | Lair:5   | XOM: summons 3 hostile demons
 77596 | Lair:5   | XOM: stat loss: -1 Str (22/23)
 77698 | Lair:5   | XOM: smoke on damage
 77723 | Slime:1  | Entered Level 1 of the Pits of Slime
 77902 | Slime:1  | XOM: 1-stop teleportation journey
 78032 | Slime:1  | XOM: divination: detect items
 78151 | Slime:1  | XOM: smoke on damage
 78188 | Slime:1  | XOM: medium Tmut miscast
 78370 | Lair:4   | XOM: severe Tloc miscast
 78382 | Lair:4   | XOM: god gift: 6 needles of sleeping
 78391 | Lair:4   | XOM: cloud trail
 78535 | Vaults:1 | Learned a level 7 spell: Summon Hydra
 78636 | D:15     | Noticed Agnes
 78648 | D:15     | Killed Agnes
 78652 | D:15     | XOM: scenery: 1 doors close
 78790 | D:15     | XOM: polymorph deep elf archer -> floating eye
 78822 | D:15     | Identified Xom's Catalogue of Domination (Xom gifted it to you on level 15 of the Dungeon)
 78822 | D:15     | XOM: god gift: Xom's Catalogue of Domination
 78835 | D:15     | Found a staircase to the Depths.
 78895 | D:15     | XOM: 5-stop teleportation journey
 79041 | D:15     | Cast into level 4 of the Abyss (miscasting Malign Gateway)
 79041 | Abyss:4  | Found a corrupted altar of Lugonu.
 79099 | Abyss:4  | Found a corrupted altar of Lugonu.
 79105 | D:15     | Escaped the Abyss
 79346 | D:15     | XOM: harmless Tmut miscast
 79370 | D:15     | XOM: mild Pois miscast
 79609 | Depths:1 | Entered Level 1 of the Depths
 79623 | Depths:1 | XOM: harmless Erth miscast
 79634 | Depths:1 | XOM: summons friendly quasit
 79685 | Depths:1 | XOM: divination: detect items
 79808 | Depths:1 | XOM: cast spell 'Chain of Chaos'
 79865 | Depths:1 | XOM: 1-stop teleportation journey
 80022 | Depths:1 | Found a gateway to Hell.
 80284 | Depths:1 | Reached skill level 5 in Evocations
 80429 | Depths:1 | XOM: summons 2 hostile demons
 80475 | Depths:1 | XOM: enchant monster (good)
 80538 | Depths:1 | XOM: mild Hex miscast
 80748 | Depths:1 | XOM: confusion (+ monsters)
 80982 | Depths:1 | XOM: divination: detect creatures
 80991 | Depths:1 | XOM: harmless Ice miscast
 81088 | Depths:1 | Got a pair of distressingly furry boots
 81089 | Depths:1 | Identified the +2 pair of boots "Bayhoask" {rF+} (You acquired it on level 1 of the Depths)
 81368 | Depths:2 | Found a shattered altar of Ashenzari.
 81479 | Depths:2 | XOM: divination: detect creatures
 81561 | Depths:2 | Reached XP level 22. HP: 163/163 MP: 25/43
 81634 | Depths:2 | XOM: enchant monster (bad)
 81638 | Depths:2 | Noticed Bai Suzhen
 81651 | Depths:2 | XOM: potion effect (curing)
 81652 | Depths:2 | XOM: confuse monster(s)
 81655 | Depths:2 | Noticed Margery
 81855 | Depths:2 | XOM: divination: detect creatures
 81856 | Depths:2 | XOM: potion effect (magic)
 81873 | Depths:1 | Killed Bai Suzhen
 82003 | Depths:2 | Killed Margery
 82015 | Depths:2 | XOM: mild Fire miscast
 82068 | Depths:2 | Got a scorched pewter ring
 82069 | Depths:2 | Identified the ring of Feinauf {*Contam +Fly rF- rC+ SInv} (You took it off Bai Suzhen on level 2 of the Depths)
 82180 | Depths:2 | Identified the +2 cloak "Kyreig" {rN+ rCorr} (You found it on level 2 of the Depths)
 82465 | Depths:2 | Identified Kefycral's Grimoire of Snow and Shape Shifting
 82479 | Depths:2 | Identified Duybroro's Catalogue of Conjuration and Transmigration
 82490 | Depths:2 | Found a deep blue altar of Sif Muna.
 82491 | Depths:2 | XOM: divination: detect creatures
 82519 | Depths:2 | XOM: potion effect (invisibility)
 82747 | Depths:2 | XOM: harmless Air miscast
 82797 | Depths:2 | XOM: cloud trail
 82808 | Depths:2 | XOM: silly message
 82850 | Depths:2 | Noticed an ancient lich
 82877 | Depths:2 | Killed an ancient lich
 82996 | Depths:2 | XOM: divination: magic mapping
 83058 | Depths:2 | Found a glowing golden altar of the Shining One.
 83133 | Depths:2 | Paralysed by a floating eye for 2 turns
 83212 | Depths:2 | Found a one-way gate to the infinite horrors of the Abyss.
 83380 | Depths:2 | XOM: scenery: create altars
 83454 | Depths:2 | XOM: scenery: 4 doors close
 83468 | Depths:2 | Got a scintillating iron ring
 83469 | Depths:2 | Identified the ring "Kyahuo" {+Inv rPois Str+4 Int-4 Slay+3} (You found it on level 2 of the Depths)
 83498 | Depths:2 | Identified the Compendium of the Slorg
 83501 | Depths:2 | Identified the Volume of Displaced Sinister Arts
 83505 | Depths:2 | Learned a level 1 spell: Apportation
 83521 | Depths:2 | Identified Qoakics's Papyrus of Air and Bewitchment
 83523 | Depths:2 | Identified the Papyrus of Evil Magic
 83632 | Depths:3 | Reached skill level 1 in Necromancy
 83751 | Depths:3 | Found a one-way gate leading to the halls of Pandemonium.
 84054 | Depths:3 | XOM: harmless Necr miscast
 84528 | Depths:3 | XOM: cast spell 'Summon Hydra'
 84547 | Depths:3 | XOM: mild Conj miscast
 84649 | Depths:3 | Noticed Boris
 84658 | Depths:3 | Killed Boris
 84870 | Depths:3 | Found a transporter.
 84940 | Depths:3 | XOM: noise
 84951 | Depths:3 | Noticed a juggernaut
 84971 | Depths:3 | Killed a juggernaut
 84971 | Depths:3 | Paralysed by a floating eye for 3 turns
 84972 | Depths:3 | Reached skill level 5 in Necromancy
 85076 | Depths:3 | Noticed a shard shrike
 85076 | Depths:3 | an iron dragon changed into a shard shrike
 85079 | Depths:3 | Killed a shard shrike
 85191 | Depths:3 | XOM: cast spell 'Summon Butterflies'
 85239 | Depths:3 | XOM: harmless Chrm miscast
 85289 | Depths:3 | Found a transporter.
 85303 | Depths:3 | Identified the ring "Faraidd" {MP+9 Int+6} (You found it on level 3 of the Depths)
 85344 | Depths:3 | Identified the ring of Syepser {rPois rF+ Str+3 Int+2 Dex-2} (You found it on level 3 of the Depths)
 85517 | Depths:3 | XOM: medium Necr miscast
 85518 | Depths:3 | XOM: silly message
 85640 | Depths:4 | XOM: potion effect (invisibility)
 85840 | Depths:4 | XOM: divination: detect creatures
 85983 | Depths:4 | XOM: silly message
 86281 | Depths:4 | XOM: potion effect (invisibility)
 86312 | Depths:4 | XOM: summons friendly quasit
 86333 | Depths:5 | Entered Level 5 of the Depths
 86352 | Depths:5 | XOM: scenery: 1 doors open
 86380 | Depths:5 | XOM: 1-stop teleportation journey
 86416 | Depths:5 | Noticed a juggernaut
 86421 | Depths:5 | XOM: fog
 86429 | Depths:5 | XOM: butterfly on damage
 86459 | Depths:5 | XOM: confuse monster(s)
 86465 | Depths:5 | XOM: divine lightning
 86567 | Depths:5 | Found a gate to the Realm of Zot.
 86567 | Depths:5 | Noticed a golden dragon
 86575 | Depths:5 | Noticed a golden dragon
 86576 | Depths:5 | XOM: cast spell 'Discord'
 86581 | Depths:5 | XOM: fog
 86581 | Depths:5 | Killed a golden dragon
 86584 | Depths:5 | Killed a golden dragon
 86870 | Depths:5 | XOM: fog
 86885 | Depths:5 | Noticed Xtahua
 86934 | Depths:5 | XOM: confuse monster(s)
 86937 | Depths:5 | XOM: summons friendly shadow imp
 86942 | Depths:5 | Killed Xtahua
 86991 | Depths:5 | XOM: polymorph mana viper -> deep troll
 87147 | Depths:5 | XOM: enchant monster (good)
 87338 | Depths:5 | XOM: summons 3 hostile shadow creatures
 87380 | Depths:5 | Reached skill level 18 in Spellcasting
 87484 | Depths:5 | XOM: harmless Tmut miscast
 87493 | Depths:5 | Killed a juggernaut
 87788 | Depths:5 | XOM: harmless Tmut miscast
 87812 | Depths:5 | XOM: harmless Chrm miscast
 87862 | Depths:5 | Found a gateway to a ziggurat.
 88096 | Depths:5 | Noticed Jory
 88103 | Depths:5 | XOM: mild Air miscast
 88107 | Depths:5 | Killed Jory
 88170 | Depths:5 | Learned a level 6 spell: Death Channel
 88203 | Depths:5 | Reached XP level 23. HP: 169/169 MP: 20/45
 88454 | Depths:4 | Noticed Sojobo
 88895 | Depths:4 | Killed Sojobo
 88991 | Depths:4 | XOM: cast spell 'Leda's Liquefaction'
 89066 | Depths:4 | XOM: mild Air miscast
 89066 | Depths:4 | XOM: smoke on damage
 89137 | Depths:4 | XOM: harmless Air miscast
 89518 | Depths:4 | XOM: harmless Erth miscast
 89539 | Depths:4 | Reached skill level 10 in Necromancy
 89863 | Depths:4 | XOM: summons 2 friendly demons
 90104 | Hell     | Entered the Vestibule of Hell
 90104 | Hell     | Noticed Geryon
 90113 | Hell     | XOM: fog
 90166 | Depths:2 | XOM: scenery: create altars
 90206 | Depths:1 | XOM: scenery: 1 doors close
 90430 | Lair:5   | XOM: divination: detect creatures
 90681 | Slime:2  | XOM: scenery: create altars
 90767 | Slime:2  | Noticed a caustic shrike
 90767 | Slime:2  | an acid blob changed into a caustic shrike
 90776 | Slime:2  | Killed a caustic shrike
 91425 | Slime:5  | Entered Level 5 of the Pits of Slime
 91476 | Slime:5  | Noticed the Royal Jelly
 91477 | Slime:5  | XOM: destruction
 91585 | Slime:4  | XOM: god gift: 45 gold pieces
 91872 | Slime:4  | XOM: smoke on damage
 92116 | Slime:5  | XOM: enchant monster (bad)
 92135 | Slime:5  | XOM: cast spell 'Discord'
 92140 | Slime:5  | XOM: repel stairs
 92156 | Slime:5  | XOM: confusion (+ monsters)
 92158 | Slime:5  | XOM: summons friendly shadow imp
 92165 | Slime:5  | Killed the Royal Jelly
 92284 | Slime:4  | XOM: mild Tmut miscast
 92290 | Slime:4  | XOM: 4-stop teleportation journey
 92431 | Slime:5  | XOM: mild Tmut miscast
 92465 | Slime:5  | XOM: noise
 92494 | Slime:5  | XOM: summons 11 hostile demons
 92523 | Slime:5  | Found the +3 robe of Clouds {+Fly rElec}
 92550 | Slime:5  | Identified the +2 pair of boots of Divine Intervention {-Tele *Slow rElec rN+++} (You found it on level 5 of the Pits of Slime)
 92615 | Slime:5  | Got a slimy rune of Zot
 92617 | Slime:5  | Identified the cursed +0 buckler "Zulue" {rElec rC+} (You found it on level 5 of the Pits of Slime)
 92668 | Slime:3  | XOM: confusion
 92758 | Slime:1  | XOM: harmless Tloc miscast
 92883 | Lair:1   | Learned a level 7 spell: Spellforged Servitor
 93114 | Vaults:5 | Entered Level 5 of the Vaults
 93136 | Vaults:5 | XOM: polymorph eight-headed hydra -> queen ant
 93141 | Vaults:5 | XOM: swap monsters
 93142 | Vaults:5 | XOM: polymorph shadow dragon -> fire giant
 93148 | Vaults:5 | XOM: blink monster(s)
 93153 | Vaults:5 | XOM: destruction
 93187 | Vaults:5 | XOM: chaos upgrade
 93194 | Vaults:5 | XOM: noise
 93219 | Vaults:5 | XOM: 4-stop teleportation journey
 93223 | Vaults:5 | XOM: confusion
 93260 | Vaults:5 | XOM: severe Hex miscast
 93292 | Vaults:5 | Killed from afar by a quicksilver dragon

Vault maps used:
D:1:      dpeg_arrival_line_fractal
D:2:      chequers_ecumenical_altar_simple, grunt_ministairs_15
D:3:      uniq_ijyb
D:4:      eat_drink_and_be_merry_uskayaw, serial_shops, shop
D:5:      led_sif_pool, minmay_temple_entry_fiery, first_ration,
          gup_sewer_entry_pipe, uniq_prince_ribbit1, uniq_pikel
D:7:      nemelex_xobeh_ov_fountains_minmay, uniq_menkaure
D:8:      makhleb_altar_promises_db, kennysheep_mini, kennysheep_little_box,
          uniq_psyche
D:9:      enter_bailey_2
D:10:     orc_0_dummy, nemelex_diamond_rough_becter
D:11:     david_lair_generic
D:12:     cheibrodos_hippocracy, portal_ice_cave_entry_imps, serial_shops,
          nicolae_shop_crystal, the_bakery
D:13:     kennysheep_just_a_vault
D:14:     grunt_vaults_entry_fortified
D:15:     hangedman_depths_entry_civil_slaughter, minmay_misc_feat_room,
          nrook_loot_triangle, uniq_agnes
Lair:1:   minmay_holes, uniq_nergalle
Lair:2:   spider_nest_entry_web_field, enter_volcano_1, basic_altar,
          beast_lair_carwin_3
Lair:3:   minmay_swamp_entry_wisps, beast_lair_carwin_6
Lair:5:   minmay_slime_entry_oklob_enclosed, kb_xom_exploding_sheep
Lair:6:   gammafunk_lair_ancient_temple, fungi_pond_lemuel, lemuel_old_faithful
Swamp:1:  evilmike_swamp_ruin_rubble_1, infiniplex_staircase_pool
Swamp:2:  hangedman_swamp_lotus, uniq_frances
Swamp:3:  evilmike_swamp_ruin_house_6, swamp_pool1, ldierk_geyser,
          hangedman_swamp_ravenous, uniq_kirke, uniq_mara
Swamp:4:  swamp_basic_johnstein, swamp_pool3, nicolae_swamp_trees_clearing,
          uniq_louise
Spider:1: spiders_nest_hornet_nest
Spider:2: zaba_anthell, uniq_aizul, uniq_arachne
Spider:4: grunt_spider_rune_circles
Slime:1:  cheibrodos_slime_lost_civilization_3, nicolae_slime_phagocytosis
Slime:2:  nicolae_slime_jelly_donut, cheibrodos_slime_lost_civilization_6
Slime:4:  cheibrodos_slime_lost_civilization_9, nicolae_slime_barrier
Orc:1:    basic_altar, uniq_urug, uniq_snorg
Orc:2:    st_orc_town, lab_entry_generic, minmay_orc_temple_c
Elf:1:    minmay_elf_demonology, roderic_lattice_octagonal_star
Elf:3:    minmay_elf_hall_circle, serial_sigils, serial_sigils_hangedman_quiver,
          serial_sigils_hangedman_gnaw, serial_sigils_hangedman_scar,
          serial_sigils_hangedman_carve, serial_sigils_hangedman_writhe,
          solitary_fountain, grunt_ministairs_14
Vaults:1: nicolae_vaults_gold_heap, nicolae_vaults_three_branches,
          vaults_mumra_chevron_long, hangedman_vaults_cutoff, v_alt_pattern_6,
          v_alt_pattern_2, nicolae_vaults_sealed_display, v_misc_32,
          grunt_vaults_hallway_short, serial_shops, shop,
          nicolae_shop_behind_doors, uniq_jorgrun
Vaults:2: nicolae_vaults_network_square, hangedman_vaults_stagger, v_misc_10,
          v_rooms_6, v_misc_8, hangedman_vaults_corner_blocks, v_pattern_5,
          v_misc_26, nicolae_vaults_diagonal_hallway_6
Vaults:3: minmay_crypt_entry_simple_box, v_misc_19,
          nicolae_vaults_lopsided_apartments, v_alt_pattern_2,
          grunt_vaults_hallway_short, ontoclasm_vaults_claustrophobia,
          nicolae_vaults_border_crossing, v_alt_pattern_4, vaults_dpeg_doors,
          nicolae_vaults_circle_grid_b, ontoclasm_vaults_bender,
          vaults_dpeg_hooks, vaults_room_door_ring, uniq_nikola, uniq_boris
Vaults:4: vaults_mumra_minichess, hangedman_vaults_stitches, vaults_room_fours,
          nicolae_vaults_alarming, nicolae_vaults_puzzle_piece,
          vaults_dpeg_cross, nicolae_vaults_circle_grid_b, v_pattern_4,
          vaults_dpeg_diagonal, nicolae_vaults_ring_of_whatevers
Crypt:2:  minigarden_bobbens
Crypt:3:  evilmike_haunted_forest
Depths:1: grunt_hell_entry_dis_mu, minmay_misc_feat_more_columns,
          grunt_ministairs_14, minmay_misc_feat_secret_circle, minmay_evil_grid
Depths:2: evilmike_library_of_no_secrets, grunt_metal_band,
          hangedman_decor_lopped, abyss_entry_small_statue_room,
          hangedman_feature_mirror, uniq_bai_suzhen
Depths:3: gammafunk_dig_for_victory, rand_demon_pan_entry_3, hell_entry,
          firewood_loft, minmay_staircase_statues_hall_small, uniq_boris
Depths:4: radiant_caverns_b_rkd, abyss_entry, hell_entry, uniq_sojobo
Depths:5: grunt_zot_entry_tricorne, enter_ziggurat_a, rand_demon_pan_entry_1,
          hell_entry, serial_sigils_hangedman_etch, abyss_entry, uniq_jory,
          uniq_xtahua
Abyss:4:  gammafunk_abyss_exit_x_factor, grunt_abyss_rune_wretched_hive
Lab:      labyrinth_mini_lab, nicolae_lab_x
Bailey:   bailey_polearm_4, bailey
IceCv:    ice_cave_tombish
Volcano:  volcano_pools

Skill      XL: |  1  2  3  4  5  6  7  8  9 10 11 12 13 14 15 16 17 18 19 20 21 22 23 |
---------------+----------------------------------------------------------------------+-----
Long Blades    | 3 4 |  4.9
Short Blades   | 3 5 6 8 9 |  9.9
Armour         | 3 5 |  5.9
Dodging        | 1 2 6 8 9 10 | 10.5
Fighting       | 4 7 9 11 14 | 14.0
Evocations     | 3 6 7 |  7.0
Conjurations   | 4 |  4.9
Air Magic      | 4 7 12 | 12.0
Poison Magic   | 4 |  4.5
Spellcasting   | 4 6 9 10 12 17 18 | 18.9
Translocations | 2 7 9 |  9.4
Throwing       | 2 |  2.9
Summonings     | 2 4 7 12 15 17 | 17.5
Charms         | 4 8 |  8.7
Hexes          | 2 |  2.7
Stealth        | 3 4 |  4.4
Shields        | 4 5 |  5.0
Necromancy     | 8 10 | 10.0

Action                   |  1- 3 |  4- 6 |  7- 9 | 10-12 | 13-15 | 16-18 | 19-21 | 22-24 || total
-------------------------+-------+-------+-------+-------+-------+-------+-------+-------++-------
Melee: Dagger            |    11 |    62 |   473 |  1389 |  1927 |  1753 |  1672 |   116 ||  7403
       Falchion          |    90 |    44 |    30 |       |       |       |       |       ||   164
       Staff             |       |       |       |       |       |       |    13 |     8 ||    21
 Fire: Blowgun           |       |       |       |     4 |       |       |       |       ||     4
Throw: Javelin           |       |       |       |    24 |    26 |    17 |     1 |     4 ||    72
       Tomahawk          |       |       |       |     8 |       |       |       |       ||     8
       Throwing net      |       |       |       |       |     3 |       |       |       ||     3
 Cast: Mephitic Cloud    |       |       |       |    28 |   143 |    89 |    89 |     6 ||   355
       Conjure Flame     |       |       |       |     3 |    14 |    13 |     3 |       ||    33
       Stone Arrow       |       |       |       |    14 |     2 |       |       |       ||    16
       Call Imp          |       |       |       |     7 |       |       |       |       ||     7
       Blink             |       |       |       |     5 |    19 |    64 |    28 |    39 ||   155
       Shroud of Golubri |       |       |       |     1 |    89 |   101 |    69 |    23 ||   283
       Spectral Weapon   |       |       |       |       |    36 |    43 |    13 |       ||    92
       Infusion          |       |       |       |       |    15 |     1 |       |       ||    16
       Summon Lightning  |       |       |       |       |     2 |    13 |     6 |     1 ||    22
       Call Canine Famil |       |       |       |       |     4 |    44 |    34 |       ||    82
       Olgreb's Toxic Ra |       |       |       |       |     1 |   113 |    43 |       ||   157
       Animate Skeleton  |       |       |       |       |     5 |     8 |       |       ||    13
       Deflect Missiles  |       |       |       |       |     2 |    18 |     6 |    11 ||    37
       Passage of Golubr |       |       |       |       |       |    21 |    10 |    21 ||    52
       Summon Mana Viper |       |       |       |       |       |   171 |   332 |    97 ||   600
       Malign Gateway    |       |       |       |       |       |       |    94 |    87 ||   181
       Control Undead    |       |       |       |       |       |       |     1 |       ||     1
       Summon Hydra      |       |       |       |       |       |       |    47 |   303 ||   350
       Conjure Ball Ligh |       |       |       |       |       |       |    25 |     1 ||    26
       Death Channel     |       |       |       |       |       |       |       |     1 ||     1
Evoke: Wand              |       |       |       |    18 |     9 |    18 |     3 |    32 ||    80
       Sack of spiders   |       |       |       |       |       |     3 |       |     1 ||     4
       Box of beasts     |       |       |       |       |       |     1 |     2 |     3 ||     6
       Staff of energy   |       |       |       |       |       |       |    22 |   304 ||   326
       Phantom mirror    |       |       |       |       |       |       |       |     3 ||     3
  Use: Scroll            |     1 |     7 |     6 |    12 |    20 |    17 |    23 |    40 ||   126
 Stab: Sleeping          |     1 |     1 |       |       |     2 |     3 |     8 |     1 ||    16
       Distracted        |     1 |       |       |     2 |    11 |    19 |    20 |     1 ||    54
       Paralysed         |       |     3 |       |     2 |     2 |       |     3 |       ||    10
       Confused          |       |     1 |     1 |    21 |    81 |    43 |    47 |     4 ||   198
       Invisible         |       |       |     2 |       |     7 |     6 |       |     4 ||    19
       Petrified         |       |       |     1 |     3 |       |       |     3 |       ||     7
       Petrifying        |       |       |       |     1 |       |     2 |       |       ||     3
       Held in net/web   |       |       |       |       |     2 |       |       |       ||     2
Armor: Leather armour    |    44 |    15 |    65 |       |   123 |    73 |       |       ||   320
       Ring mail         |       |       |    33 |   356 |     6 |       |   371 |   107 ||   873
       Scale mail        |       |       |       |       |     4 |       |       |       ||     4
       Troll leather arm |       |       |       |       |   133 |   250 |     2 |       ||   385
Dodge: Dodged            |    68 |    48 |   165 |   490 |   816 |  1009 |   947 |   277 ||  3820
       Deflected         |       |       |       |       |     3 |    76 |    68 |    72 ||   219
Block: Buckler           |       |       |       |       |   167 |   544 |   561 |   178 ||  1450
       Reflection        |       |       |       |       |     6 |    43 |    50 |    27 ||   126
       Rpst.: Falchion   |    20 |     7 |     2 |       |       |       |       |       ||    29

Table legend:
 A = Spawn XP
 B = Non-spawn XP
 C = Spawn XP percentage of total XP
 D = Spawn monster count
 E = Non-spawn monster count
 F = Spawn count percentage of total count
 G = Total turns spent on level
                    A         B        C        D         E        F      G
               +---------+---------+-------+---------+---------+-------+---------
         Total |    6313 |  931653 |   0.7 |      18 |    2610 |   0.7 | 93292
               +---------+---------+-------+---------+---------+-------+---------
           D:1 |       0 |      31 |   0.0 |       0 |      19 |   0.0 |  1129
           D:2 |       0 |     102 |   0.0 |       0 |      28 |   0.0 |  1221
           D:3 |       0 |     143 |   0.0 |       0 |      25 |   0.0 |  1387
           D:4 |       0 |     325 |   0.0 |       0 |      18 |   0.0 |  1076
           D:5 |       0 |    2056 |   0.0 |       0 |      34 |   0.0 |  2306
           D:6 |       0 |    1718 |   0.0 |       0 |      34 |   0.0 |  1180
           D:7 |       0 |    1568 |   0.0 |       0 |      29 |   0.0 |  1237
           D:8 |       0 |    3669 |   0.0 |       0 |      29 |   0.0 |  1873
           D:9 |       0 |    2604 |   0.0 |       0 |      26 |   0.0 |  1197
          D:10 |       0 |    3330 |   0.0 |       0 |      29 |   0.0 |  1805
          D:11 |       0 |    7991 |   0.0 |       0 |      46 |   0.0 |  2538
          D:12 |       0 |   10794 |   0.0 |       0 |      61 |   0.0 |  2357
          D:13 |       0 |    4994 |   0.0 |       0 |      15 |   0.0 |  1238
          D:14 |       0 |   24094 |   0.0 |       0 |      47 |   0.0 |  2389
          D:15 |       0 |   13387 |   0.0 |       0 |      55 |   0.0 |  1147
        Lair:1 |       0 |    3042 |   0.0 |       0 |      12 |   0.0 |  1823
        Lair:2 |       0 |    9346 |   0.0 |       0 |      43 |   0.0 |  2719
        Lair:3 |       0 |    8742 |   0.0 |       0 |      30 |   0.0 |  1740
        Lair:4 |       0 |    3793 |   0.0 |       0 |      19 |   0.0 |  1800
        Lair:5 |       0 |    9730 |   0.0 |       0 |      34 |   0.0 |  2079
        Lair:6 |       0 |   12767 |   0.0 |       0 |      42 |   0.0 |  1513
       Swamp:1 |       0 |   13450 |   0.0 |       0 |      42 |   0.0 |  1039
       Swamp:2 |       0 |   17354 |   0.0 |       0 |      45 |   0.0 |  1560
       Swamp:3 |       0 |   11982 |   0.0 |       0 |      38 |   0.0 |  1139
       Swamp:4 |       0 |   23339 |   0.0 |       0 |      59 |   0.0 |  1420
      Spider:1 |       0 |   13882 |   0.0 |       0 |      48 |   0.0 |  1022
      Spider:2 |       0 |   22276 |   0.0 |       0 |      87 |   0.0 |   842
      Spider:3 |       0 |   27414 |   0.0 |       0 |      76 |   0.0 |  3472
      Spider:4 |       0 |   29422 |   0.0 |       0 |      65 |   0.0 |  1960
       Slime:1 |       0 |   14540 |   0.0 |       0 |      36 |   0.0 |   627
       Slime:2 |       0 |    7827 |   0.0 |       0 |      34 |   0.0 |   694
       Slime:3 |       0 |    7695 |   0.0 |       0 |      31 |   0.0 |   221
       Slime:4 |       0 |    5781 |   0.0 |       0 |      25 |   0.0 |   872
       Slime:5 |       0 |   33934 |   0.0 |       0 |      51 |   0.0 |   403
         Orc:1 |       0 |    3269 |   0.0 |       0 |      34 |   0.0 |   906
         Orc:2 |       0 |   11896 |   0.0 |       0 |     118 |   0.0 |  1821
         Elf:1 |       0 |   11919 |   0.0 |       0 |      24 |   0.0 |  1470
         Elf:2 |       0 |   36518 |   0.0 |       0 |      76 |   0.0 |  3684
         Elf:3 |       0 |   54762 |   0.0 |       0 |      66 |   0.0 |  2713
      Vaults:1 |       0 |   43861 |   0.0 |       0 |      84 |   0.0 |  3008
      Vaults:2 |       0 |   26642 |   0.0 |       0 |      58 |   0.0 |  2045
      Vaults:3 |       0 |   52889 |   0.0 |       0 |     112 |   0.0 |  3280
      Vaults:4 |       0 |   26920 |   0.0 |       0 |      65 |   0.0 |  1463
      Vaults:5 |       0 |   11909 |   0.0 |       0 |      21 |   0.0 |   178
       Crypt:1 |       0 |   11917 |   0.0 |       0 |      31 |   0.0 |  1335
       Crypt:2 |       0 |   29002 |   0.0 |       0 |      69 |   0.0 |  1413
       Crypt:3 |       0 |   48933 |   0.0 |       0 |     109 |   0.0 |  2574
      Depths:1 |       0 |   28761 |   0.0 |       0 |      63 |   0.0 |  2188
      Depths:2 |       0 |   46815 |   0.0 |       0 |      83 |   0.0 |  1880
      Depths:3 |       0 |   33939 |   0.0 |       0 |      60 |   0.0 |  2167
      Depths:4 |       0 |   34121 |   0.0 |       0 |      95 |   0.0 |  2202
      Depths:5 |       0 |   45693 |   0.0 |       0 |      70 |   0.0 |  2172
          Hell |       0 |     405 |   0.0 |       0 |       1 |   0.0 |    16
       Abyss:3 |    5184 |    8947 |  36.7 |      12 |      25 |  32.4 |   677
       Abyss:4 |    1129 |       0 | 100.0 |       6 |       0 | 100.0 |    64
           Lab |       0 |    1111 |   0.0 |       0 |       1 |   0.0 |   104
        Bailey |       0 |     347 |   0.0 |       0 |       5 |   0.0 |   806
         IceCv |       0 |    4684 |   0.0 |       0 |      21 |   0.0 |  3495
       Volcano |       0 |    3271 |   0.0 |       0 |       7 |   0.0 |   606
               +---------+---------+-------+---------+---------+-------+---------
